Cogmind - Beta 14 @@@ ROGUE MODE // 2024.09.28 @ 16:03:49 Player: Darby Result: Assimilated 0b10! Performance ------------- Evolutions (9) 4500 Regions Visited (32) 6400 Robots Destroyed (382) 1910 Value Destroyed (12466) 12466 Prototype IDs (254) 5080 Alien Tech Used (4) 800 Bonus (29819) 29819 TOTAL SCORE: 60975 Bonus ------- Triggered High Security 500 High Alert Combat Kills 4025 Follower Combat Kills 2823 Entered Garrisons 600 Used RIF Installer 2000 Aligned with FarCom 300 Met Data Miner 300 Used Data Conduit 3000 Met Zhirov 300 Found Hidden Lab 3000 Decrypted A0 Command 3000 Met MAIN.C 5000 Used 0b10 Conduit 2000 Win 3000 Friendly Fire -29 Cogmind --------- Core Integrity 9/1600 Matter 300/300 Energy 98/100 System Corruption 14% Temperature Cool (0) Movement Core (50) Location 0b10 Command Parts ------- > --- POWER (1) -------- (None) > --- PROPULSION (8) --- (None) > --- UTILITY (14) ----- Advanced Signal Interpreter Quantum Router > --- WEAPON (3) ------- (None) > --- INVENTORY (5) ---- Relay Coupler [Proto] (9) Relay Coupler [Proto] (9) Relay Coupler [Proto] (9) Peak State ------------ > --- POWER ------------ Light Quantum Reactor > --- PROPULSION ------- Improved Gyrokinetic Inverter Improved Gyrokinetic Inverter Combat Linear Gravjet Combat Linear Gravjet Combat Linear Gravjet Combat Linear Gravjet Combat Linear Gravjet Combat Linear Gravjet > --- UTILITY ---------- Large Storage Unit Large Storage Unit Advanced Signal Interpreter Medium Regenerative Plating System Mapper Deep Network Scanner Ghost Barrier Quantum Router Relay Coupler [NC] Relay Coupler [Sentry] > --- WEAPON ----------- Enhanced Gauss Cannon Advanced Remote Datajack Phasing Sabre > --- INVENTORY -------- Neutrino Core Improved Gyrokinetic Inverter Improved Phase Shifter Relay Coupler [NC] Relay Coupler [Swarmer] Relay Coupler [Hunter] Relay Coupler [Proto] Relay Coupler [Proto] Relay Coupler [Proto] Relay Coupler [Proto] Transdimensional Reconstructor Compact HERF Cannon Potential Cannon Guided Remote Datajack [Rating: 165] Favorites ----------- Power Cooled Ion Engine Engine Cooled Ion Engine Power Core Micro Nuclear Core Reactor Light Quantum Reactor Propulsion Makeshift Leg Treads Light Treads Leg Makeshift Leg Wheel Armored Huge Wheel Hover Unit Combat Gravmag System Flight Unit Cooled Nuclear Pulse Thruster Utility Structural Scanner Device Structural Scanner Storage Large Storage Unit Processor Advanced Signal Interpreter Hackware Hacking Suite Protection Medium Armor Plating Weapon Remote Datajack Energy Gun Improved EM Shotgun Energy Cannon Neutron Cannon Ballistic Gun Assault Rifle Ballistic Cannon Enhanced Gauss Cannon Launcher Long-range Missile Launcher Special Weapon Remote Datajack Impact Weapon Mace Slashing Weapon Chainsword Special Melee Weapon Datajack Build | -11 -10 -10 -10 -9 -8 -8 -8 -8 -7 -7 -7 -7 -7 -7 -6 -6 -6 -6 -6 -5 -5 -5 -5 -4 -4 -4 -3 -3 -3 -2 -1 -1 ------- Run | Yrd Mat Min Exi Min Mat Gar Mat Gar Fac Was Fac Low Low Dat Pro Fac Was Fac Gar Fac Upp Upp Zhi Pro Fac Ext Res Arm Lab Res Acc Com Slots Evolved 18 | . . . . . 4 . . . 2 . . . . . . 2 . . . 2 . . . . 2 . 2 . . 2 2 . Power . | . . . . . . . . . . . . . . . . . . . . . . . . . . . . . . . . . Propulsion 6 | . . . . . 2 . . . 1 . . . . . . 1 . . . . . . . . . . . . . . 2 . Utility 12 | . . . . . 2 . . . 1 . . . . . . 1 . . . 2 . . . . 2 . 2 . . 2 . . Weapon . | . . . . . . . . . . . . . . . . . . . . . . . . . . . . . . . . . Parts Attached 503 | 7 37 1 2 14 50 32 1 29 22 31 68 20 8 13 16 1 . 21 29 36 4 1 4 1 3 13 2 13 3 2 5 14 Power 29 | 1 1 . . . 2 . . 1 . 4 3 3 . 1 . . . 1 1 4 2 . . . . 1 . . . . 2 2 Engine 10 | 1 1 . . . 2 . . 1 . . . 1 . 1 . . . . . 2 1 . . . . . . . . . . . Core 15 | . . . . . . . . . . 4 3 2 . . . . . 1 1 2 1 . . . . 1 . . . . . . Reactor 4 | . . . . . . . . . . . . . . . . . . . . . . . . . . . . . . . 2 2 Propulsion 119 | 2 4 . . . 11 2 . 2 4 19 11 5 1 . 9 1 . 8 6 8 . . 3 . . 5 . 12 . . 2 4 Treads 21 | 1 4 . . . 8 2 . . 2 . . . . . . . . . 1 2 . . . . . 1 . . . . . . Leg 33 | . . . . . . . . . . . . 4 1 . 9 1 . 8 5 1 . . . . . 4 . . . . . . Wheel 6 | 1 . . . . 2 . . 2 1 . . . . . . . . . . . . . . . . . . . . . . . Hover 41 | . . . . . 1 . . . 1 14 11 1 . . . . . . . 5 . . . . . . . 6 . . 2 . Flight 18 | . . . . . . . . . . 5 . . . . . . . . . . . . 3 . . . . 6 . . . 4 Utility 124 | 2 5 . 1 3 17 5 . 6 15 6 11 6 1 8 4 . . 6 5 9 . . 1 1 1 4 . . 2 1 1 3 Device 43 | 1 2 . . 1 13 . . . 1 3 4 4 1 3 2 . . 2 1 2 . . 1 . . 1 . . . . . 1 Storage 12 | 1 1 . 1 . 2 . . . . 2 . 1 . . 1 . . . . . . . . 1 . . . . . . 1 1 Processor 7 | . . . . . . . . . . 1 2 1 . 1 . . . 2 . . . . . . . . . . . . . . Hackware 37 | . . . . . . 3 . 5 14 . 2 . . . . . . 1 2 6 . . . . 1 1 . . 1 1 . . Protection 25 | . 2 . . 2 2 2 . 1 . . 3 . . 4 1 . . 1 2 1 . . . . . 2 . . 1 . . 1 Artifact . | . . . . . . . . . . . . . . . . . . . . . . . . . . . . . . . . . Weapon 231 | 2 27 1 1 11 20 25 1 20 3 2 43 6 6 4 3 . . 6 17 15 2 1 . . 2 3 2 1 1 1 . 5 Energy Gun 20 | . . 1 . 4 5 3 1 2 . . . . 1 1 . . . . . 1 . . . . . 1 . . . . . . Energy Cannon 13 | . . . . . . . . . . . 1 . 1 1 2 . . 2 3 . . . . . . . 1 . . . . 2 Ballistic Gun 44 | 2 13 . . 2 3 5 . . . . . 1 1 . 1 . . 1 8 5 . . . . 2 . . . . . . . Ballistic Cannon 27 | . . . . . 2 6 . 4 . . 1 2 1 1 . . . 1 1 4 1 . . . . 1 . . . 1 . 1 Launcher 42 | . 1 . . 4 2 6 . 6 . . 21 1 . 1 . . . . . . . . . . . . . . . . . . Special Weapon 41 | . 13 . . 1 1 2 . 5 1 1 . 2 1 . . . . 1 4 5 . 1 . . . . 1 . 1 . . 1 Impact Weapon 35 | . . . . . 6 3 . 3 2 1 20 . . . . . . . . . . . . . . . . . . . . . Slashing Weapon 7 | . . . . . . . . . . . . . 1 . . . . 1 1 . 1 . . . . 1 . 1 . . . 1 Piercing Weapon . | . . . . . . . . . . . . . . . . . . . . . . . . . . . . . . . . . Special Melee Weapon 2 | . . . 1 . 1 . . . . . . . . . . . . . . . . . . . . . . . . . . . Unidentified Prototypes 19 | . . . . 1 4 . . . 1 . 2 . . . . . . . . 4 . . 1 . . 1 . 1 3 . . 1 Corrupted Parts 10 | . . . . . . . . . . . . . . . 10 . . . . . . . . . . . . . . . . . System Corruption 79 | . . . . . . . . . . . . . . . 79 . . . . . . . . . . . . . . . . . Parts Lost 75 | . 2 . . 1 1 1 . . . . 5 4 . 4 1 . 1 3 11 18 . . . . 7 2 . . . . . 14 Power 8 | . 1 . . . . . . . . . 1 . . 1 . . . . 1 3 . . . . 1 . . . . . . . Propulsion 30 | . . . . . . 1 . . . . . 4 . 2 1 . 1 . 4 8 . . . . 2 . . . . . . 7 Utility 21 | . 1 . . 1 . . . . . . 2 . . . . . . 2 3 2 . . . . 2 2 . . . . . 6 Weapon 16 | . . . . . 1 . . . . . 2 . . 1 . . . 1 3 5 . . . . 2 . . . . . . 1 Highest Loss Streak 14 | . 1 . . 1 1 1 . . . . 5 2 . 4 1 . 1 2 5 8 . . . . 7 1 . . . . . 14 To Critical Strikes . | . . . . . . . . . . . . . . . . . . . . . . . . . . . . . . . . . Average Slot Usage (%) 84 | . 99 100 100 92 82 69 81 75 73 84 99 80 99 89 69 91 81 84 85 71 82 88 94 100 85 68 59 67 71 75 79 63 Engine 5 | . 14 14 14 14 9 9 9 9 7 . . 1 7 6 7 6 6 2 . 1 1 5 5 5 3 . . . . . . . Core 1 | . . . . . . . . . . 6 7 5 . . . . . 3 3 2 . . . . . 4 4 4 4 4 . . Treads 7 | . 26 28 28 28 17 2 18 16 7 . . . . . . . . . 4 4 . . . . . . . . . . . . Leg 7 | . . . . . . . . . . . . 12 37 33 15 40 34 35 30 10 . . . . . 12 14 3 . . . . Wheel 3 | . 1 . . . 8 16 9 9 14 1 . . . . . . . . . . . . . . . . . . . . . . Hover 8 | . . . . . . . . . . 23 37 10 . . . . . . . 1 23 23 20 17 12 . . 11 27 25 29 21 Device 6 | . 3 . . . 14 6 . . . 4 8 14 15 8 14 11 6 5 2 5 5 5 5 5 3 4 . . . . . 1 Storage 7 | . 14 14 14 14 10 9 9 9 7 7 7 7 7 7 7 6 6 6 6 2 . . . 1 5 5 4 4 4 4 3 2 Processor 4 | . . . . . . . . . . . 6 7 7 11 7 6 6 9 13 11 11 11 11 11 10 9 4 4 4 4 3 3 Hackware 10 | . . . . . . 6 18 14 19 15 12 7 7 2 . . . 2 4 16 29 29 29 27 21 21 19 19 19 24 23 19 Protection 3 | . 10 14 14 14 6 4 . 1 . . 1 . . 6 . 6 6 4 4 . . . . . . 2 4 1 . 4 3 2 Energy Gun 1 | . . 10 14 3 6 2 6 3 . 7 . . 4 . . . . . . . . . . . . 1 . . . . . . Ballistic Gun 3 | . 24 17 . . 1 1 . . . . . 2 2 . 6 . . . 4 2 . . . . 1 . . . . . . . Ballistic Cannon 1 | . . . . . 2 5 9 4 . . . 2 2 . 6 . . . 2 3 3 4 . . . 1 . . . 1 3 1 Launcher 1 | . . . . 12 . . . . . . 8 . . . . . . . . . . . . . . . . . . . . . Special Weapon 1 | . 3 . . 3 . 1 2 3 6 . 1 . . 4 . . . 2 1 1 2 . 5 5 3 . 2 4 4 4 3 2 Impact Weapon 2 | . . . . . 5 2 . 3 7 2 4 4 . . . . . . . . . . . . . . . . . . . . Peak Build Rating 165 | 8 10 11 12 25 55 57 43 43 51 51 60 47 53 59 77 80 78 78 75 105 94 95 111 111 121 136 118 122 149 146 165 165 Average Rating 56 | 6 9 10 11 12 34 45 42 39 46 42 55 37 51 49 41 79 72 69 61 73 89 94 103 111 110 123 113 115 126 142 163 135 On Entrance 68 | . 8 10 11 12 13 45 43 42 43 48 51 45 44 49 41 74 78 64 70 63 84 94 95 111 111 100 125 118 121 140 146 165 Naked Turns . | . . . . . . . . . . . . . . . . . . . . . . . . . . . . . . . . . Heaviest Build 261 | 14 35 36 56 62 261 228 217 225 214 213 53 56 61 69 78 78 77 86 77 66 26 26 21 41 41 58 54 54 51 60 76 80 Greatest Support 168 | 10 40 40 40 40 86 56 28 56 56 56 55 80 100 100 140 168 168 116 116 103 53 53 53 42 42 130 130 130 84 84 108 84 Greatest Overweight (x) 8 | 1 1 . 1 1 4 7 7 8 7 3 1 1 . 1 1 . . 1 2 5 4 . 1 . 1 1 . 2 . . . 2 Average Overweight (x) . | . . . . 1 1 3 7 6 3 . . . . . . . . . . . . . . . . . . . . . . . Largest Inventory Capacity 35 | 8 15 15 20 20 35 35 35 35 35 35 15 20 20 20 20 20 20 20 20 20 5 5 5 15 15 15 15 15 15 15 15 15 Average Capacity 19 | 7 12 15 15 20 27 35 35 35 35 19 15 16 20 20 20 20 20 20 20 12 5 5 5 7 15 15 15 15 15 15 15 12 Most Carried 35 | 8 15 15 17 20 32 35 35 35 35 32 15 20 20 20 20 13 13 17 20 20 5 5 5 5 15 15 15 15 15 15 15 15 Average Carried 17 | 5 12 15 15 19 24 32 34 32 26 18 14 13 19 18 18 12 13 13 18 11 4 5 4 5 10 12 14 14 14 13 14 11 Final Capacity 35 | 8 15 15 20 20 35 35 35 35 35 15 15 20 20 20 20 20 20 20 20 20 5 5 5 15 15 15 15 15 15 15 15 5 Final Carried 35 | 8 15 15 17 19 30 35 35 35 28 15 15 20 20 20 13 13 13 17 20 20 5 5 5 5 14 15 15 14 15 14 15 3 Class Distribution -------------------- 16% | Mutant 15% | Hauler-Mutant 9% | Derelict-Skirmisher 9% | Wizard-Mutant 8% | Wizard-Scout 8% | Machinist-Mutant 8% | Scavenger-Mutant 5% | Bothacker-Mutant Dominant Class ---------------- Mutant | -10/Materials Mutant | -10/Mines Mutant | -10/Exiles Mutant | -9/Mines Hauler-Mutant | -8/Materials Hauler-Mutant | -8/Garrison Bothacker-Mutant | -8/Materials Bothacker-Mutant | -8/Garrison Hauler-Mutant | -7/Factory Scavenger-Mutant | -7/Waste Machinist-Mutant | -7/Factory Scavenger-Assassin | -7/Lower Caves Derelict-Skirmisher | -7/Lower Caves Derelict-Mutant | -7/Data Miner Derelict-Skirmisher | -6/Proximity Caves Scavenger-Skirmisher | -6/Factory Scavenger-Mutant | -6/Waste Scavenger-Mutant | -6/Factory Bothacker-Mutant | -6/Garrison Wizard-Skirmisher | -5/Factory Wizard-Scout | -5/Upper Caves Wizard-Scout | -5/Upper Caves Wizard-Assassin | -5/Zhirov Wizard-Scout | -4/Proximity Caves Wizard-Scout | -4/Factory Wizard-Mutant | -4/Extension Wizard-Mutant | -3/Research Botlord-Mutant | -3/Armory Botlord-Mutant | -3/Lab Wizard-Mutant | -2/Research Wizard-Mutant | -1/Access Wizard-Mutant | -1/Command Resources | -11 -10 -10 -10 -9 -8 -8 -8 -8 -7 -7 -7 -7 -7 -7 -6 -6 -6 -6 -6 -5 -5 -5 -5 -4 -4 -4 -3 -3 -3 -2 -1 -1 ----------- Run | Yrd Mat Min Exi Min Mat Gar Mat Gar Fac Was Fac Low Low Dat Pro Fac Was Fac Gar Fac Upp Upp Zhi Pro Fac Ext Res Arm Lab Res Acc Com Matter Collected 10947 | 366 1334 34 . 120 689 595 60 464 485 320 2492 349 404 143 168 . . 302 572 825 384 104 74 28 . 255 12 . . 254 30 84 Remotely . | . . . . . . . . . . . . . . . . . . . . . . . . . . . . . . . . . Salvage Created 12826 | 195 1316 47 . 87 1039 848 . 184 462 . 3971 218 142 409 74 . . 877 295 1208 318 . 167 6 71 101 138 . . 309 170 174 Parts 613 | 15 111 2 . 12 59 64 . 5 13 . 118 9 7 25 7 . . 52 19 45 3 . 2 3 4 9 . . . 13 5 11 Haulers Intercepted 13 | . 2 . . . 4 . . . 2 . 5 . . . . . . . . . . . . . . . . . . . . . Recyclers Shooed 8 | . . . . . . . . . . . 7 . . . . . . . . 1 . . . . . . . . . . . . Parts Field Recycled . | . . . . . . . . . . . . . . . . . . . . . . . . . . . . . . . . . Retrieved Matter . | . . . . . . . . . . . . . . . . . . . . . . . . . . . . . . . . . Parts Self-Destructed 25 | . . . . . . . . . . . . 4 3 . 7 . . . . . 1 7 . 3 . . . . . . . . Prevented 12 | . . . . . . . . . . . . 5 4 . . . . . . . . . . 3 . . . . . . . . Kills | -11 -10 -10 -10 -9 -8 -8 -8 -8 -7 -7 -7 -7 -7 -7 -6 -6 -6 -6 -6 -5 -5 -5 -5 -4 -4 -4 -3 -3 -3 -2 -1 -1 ------- Run | Yrd Mat Min Exi Min Mat Gar Mat Gar Fac Was Fac Low Low Dat Pro Fac Was Fac Gar Fac Upp Upp Zhi Pro Fac Ext Res Arm Lab Res Acc Com Combat Hostiles Destroyed 220 | . 19 1 . 6 15 28 . 9 1 . 85 9 2 4 4 . . 9 11 14 . . . 1 1 1 . . . . . . Melee 10 | . . . . . . . . 1 1 . . 3 . . . . . 1 3 . . . . 1 . . . . . . . . Guns 62 | . 19 1 . 4 10 12 . 1 . . . 1 . . . . . . 4 8 . . . . 1 1 . . . . . . Cannons 32 | . . . . . . 4 . 2 . . . 2 2 . 4 . . 8 4 6 . . . . . . . . . . . . AOE 109 | . . . . 2 5 12 . 5 . . 85 . . . . . . . . . . . . . . . . . . . . . Classes Destroyed 20 | 3 7 . . 1 2 2 . 1 . . 2 . 1 . . . . . . . . . . 1 . . . . . . . . Worker 49 | 2 15 . . . 2 . . . 3 . 22 . . . . . . 3 . . . . . . 1 . . . . 1 . . Builder 36 | . 5 . . 1 . . . . 3 . 20 . . . . . . 3 . 2 . . . . . 1 . . . 1 . . Tunneler 15 | 5 1 . . . 2 . . . 1 . 4 . . . . . . . . 1 . . . . . 1 . . . . . . Hauler 13 | . 2 . . . 4 . . . 2 . 5 . . . . . . . . . . . . . . . . . . . . . Recycler 38 | 1 4 . . . 1 . . . 3 . 20 . . . . . . 2 . 3 . . . . . . 1 . . 2 1 . Carrier 1 | . . . . . . . . . . . 1 . . . . . . . . . . . . . . . . . . . . . Minesweeper 1 | . . . . . . . . . . . . . 1 . . . . . . . . . . . . . . . . . . . Mechanic 2 | . 1 . . . . . . . . . 1 . . . . . . . . . . . . . . . . . . . . . Operator 8 | . 3 . . . 1 . . . . . 4 . . . . . . . . . . . . . . . . . . . . . Drone 1 | . . . . . . . . . . . . . . . . . . . . . . . . 1 . . . . . . . . Watcher 18 | . 2 . . . 3 1 . 1 1 . 6 . . . . . . 3 . . . . . . . . . . . . 1 . Swarmer 57 | . 9 . . 3 5 11 . 3 . . 7 8 . . 4 . . . 7 . . . . . . . . . . . . . Grunt 85 | . 10 1 . 2 5 3 . 4 . . 46 . 1 . . . . 6 . 7 . . . . . . . . . . . . Brawler 5 | . . . . 1 . 1 . . . . 2 . . . . . . . . 1 . . . . . . . . . . . . Duelist 9 | . . . . . . . . 1 . . 7 . . . . . . 1 . . . . . . . . . . . . . . Protector 3 | . . . . . . . . . . . 3 . . . . . . . . . . . . . . . . . . . . . Sentry 13 | . . . . . 3 4 . . . . . . . . . . . 1 3 1 . . . . . 1 . . . . . . Specialist 6 | . . . . . 2 2 . . . . 2 . . . . . . . . . . . . . . . . . . . . . Hunter 15 | . . . . . . 2 . . . . 11 . 1 . . . . . . . . . . . 1 . . . . . . . Programmer 21 | . . . . . . 5 . 1 1 . 6 1 . . . . . 1 1 5 . . . . . . . . . . . . Enhanced Grunt 4 | . . . . . . . . . . . . . . 4 . . . . . . . . . . . . . . . . . . Savage 1 | . . . . . . . . . . . 1 . . . . . . . . . . . . . . . . . . . . . Best Kill Streak 18 | 4 6 1 . 3 6 4 . 3 2 . 18 3 2 2 4 . . 7 6 6 . . . 1 1 1 1 . . 2 2 . Combat Bots Only 9 | . 3 1 . 3 4 4 . 3 1 . 9 3 1 2 4 . . 4 6 4 . . . 1 1 1 . . . . . . Max Kills in Single Turn 6 | 1 1 1 . 2 5 4 . 2 1 . 6 1 1 2 1 . . 4 1 1 . . . 1 1 1 1 . . 1 1 . Gunslinging . | . . . . . . . . . . . . . . . . . . . . . . . . . . . . . . . . . Exploded 6 | . . . . 2 3 4 . 2 . . 6 . . . . . . . . . . . . . . . . . . . . . Melee 1 | . . . . . . . . 1 1 . . 1 . . . . . 1 1 . . . . 1 . . . . . . . . Uniques/NPCs Destroyed 1 | . . . . . . . . . . . . . . 1 . . . . . . . . . . . . . . . . . . Data Miner (-7/Data Miner) Combat | -11 -10 -10 -10 -9 -8 -8 -8 -8 -7 -7 -7 -7 -7 -7 -6 -6 -6 -6 -6 -5 -5 -5 -5 -4 -4 -4 -3 -3 -3 -2 -1 -1 -------- Run | Yrd Mat Min Exi Min Mat Gar Mat Gar Fac Was Fac Low Low Dat Pro Fac Was Fac Gar Fac Upp Upp Zhi Pro Fac Ext Res Arm Lab Res Acc Com Hostile Shots Fired 1395 | . 93 7 . 43 55 80 6 60 8 . 102 47 5 29 16 . 2 123 243 168 3 1 . 2 62 20 4 . . . . 216 Missed 461 | . 30 1 . 13 20 25 4 24 2 . 47 14 2 10 2 . 1 36 69 55 2 . . 2 12 5 1 . . . . 84 Damage Taken 17082 | . 640 93 . 272 543 734 34 507 118 . 951 494 50 932 199 . 60 1631 1717 2678 31 20 . . 1119 494 88 . . . . 3677 Core 3596 | . 65 14 . 46 26 81 . 39 29 . 109 78 . 182 50 . . 160 138 608 31 . . . 319 . 30 . . . . 1591 Absorbed by Shields 67 | . . . . . 62 . . . . . . . . . . . . . . 5 . . . . . . . . . . . . Ignored by Resistances 168 | . . . . . . . . . . . . . . . . . . 168 . . . . . . . . . . . . . . Regen/Repaired (Parts) 227 | . . . . . . . . . . 21 94 . . . . . . . . . . . . . . 78 . . . . . 34 Core Remaining (%) 62 | 100 . . . 50 . . . 73 . . . . . . 36 . . . 64 . . . . 36 . 72 . . 89 100 . . Volleys Fired 869 | 24 274 6 . 19 41 52 1 44 . . 76 24 2 15 19 3 5 42 64 108 6 14 1 . 6 9 . . . 4 1 9 Largest 2 | 2 2 2 . 2 2 2 2 2 . . 2 2 2 2 2 1 2 2 2 2 1 1 1 . 2 2 . . . 1 1 1 Hottest 200 | 40 100 40 . 100 100 93 93 66 . . 88 71 143 143 76 90 180 180 138 114 57 57 7 . 70 138 . . . 57 10 200 Shots Fired 1434 | 48 510 12 . 27 82 105 2 51 . . 138 31 4 16 26 3 7 61 85 166 6 15 1 . 11 13 . . . 4 1 9 Gun 828 | 48 472 12 . 21 63 49 1 1 . . . 6 2 1 6 . . 7 27 94 . . . . 10 8 . . . . . . Cannon 346 | . . . . . 16 44 1 20 . . 2 23 2 13 20 3 7 51 45 64 6 15 . . . 5 . . . 1 . 8 Launcher 167 | . 3 . . 4 2 8 . 10 . . 136 2 . 2 . . . . . . . . . . . . . . . . . . Special 93 | . 35 . . 2 1 4 . 20 . . . . . . . . . 3 13 8 . . 1 . 1 . . . . 3 1 1 Kinetic 959 | 48 472 12 . 6 36 84 1 20 . . 1 29 . . 26 . . 14 46 120 6 15 . . 10 5 . . . 1 . 7 Thermal 180 | . 35 . . 17 1 . . . . . . . . . . 3 7 44 26 38 . . . . . 8 . . . . . 1 Explosive 163 | . 3 . . 4 2 8 . 10 . . 136 . . . . . . . . . . . . . . . . . . . . . Electromagnetic 77 | . . . . . 43 9 1 1 . . 1 2 4 16 . . . . . . . . . . . . . . . . . . Robot Hit Streak 23 | 12 12 6 . 7 12 22 6 6 . . 11 4 7 8 7 . 5 7 13 23 5 . 6 . 7 8 . . . 11 12 13 Robot Miss Streak 8 | 3 8 1 . 3 2 3 2 3 . . 4 2 . 4 1 . 1 3 2 3 . . . . 1 1 . . . . . . Penetration Max 1 | . . . . . . . . . . . . . . . . . . . . 1 . . . . . . . . . . . . Secondary Targets 5 | . 3 . . . . . . . . . . . . . . . . . . 1 . . . . 1 . . . . . . . Max Gunslinging Chain 1 | . 1 . . . . . . . . . . . . . . . . . . 1 . . . . 1 . . . . . . . Autonomous 67 | . . . . 6 20 41 . . . . . . . . . . . . . . . . . . . . . . . . . . Shots Hit Robots 828 | 34 154 9 4 17 62 69 1 25 21 . 121 15 5 9 5 . 6 33 74 101 8 . 7 1 8 10 1 . . 11 4 13 Core Hits 603 | 11 78 3 . 8 42 43 . 18 4 . 244 8 2 5 4 . . 44 18 43 6 . 2 1 4 6 . . . 3 2 4 Critical Kills 6 | 1 1 . . . . . . . . . 2 . . . . . . . 1 1 . . . . . . . . . . . . Critical Parts Destroyed 16 | . 1 . . . 1 1 . . 2 . 8 1 . . . . . . . 2 . . . . . . . . . . . . Critical Strikes 34 | 1 2 . . . 1 4 . . 2 . 10 1 1 . . . . 1 1 6 2 . . . . 1 . . . . 1 . Burn 3 | . . . . . . . . . . . . . . . . . . . . 2 . . . . . 1 . . . . . . Destroy 8 | 1 2 . . . . 1 . . . . . . . . . . . . 1 3 . . . . . . . . . . . . Blast 5 | . . . . . . 3 . . . . . . . . . . . . . 1 1 . . . . . . . . . . . Corrupt 1 | . . . . . . . . . . . . . 1 . . . . . . . . . . . . . . . . . . . Smash 14 | . . . . . 1 . . . 2 . 10 1 . . . . . . . . . . . . . . . . . . . . Sever 3 | . . . . . . . . . . . . . . . . . . 1 . . 1 . . . . . . . . . 1 . Melee Attacks 361 | . . . 4 . 31 25 . 6 28 . 117 9 1 18 . . . 4 16 . 5 17 6 2 17 2 6 3 5 13 9 17 Impact 216 | . . . . . 31 25 . 6 28 . 117 9 . . . . . . . . . . . . . . . . . . . . Slashing 141 | . . . . . . . . . . . . . 1 18 . . . 4 16 . 5 17 6 2 17 2 6 3 5 13 9 17 Piercing . | . . . . . . . . . . . . . . . . . . . . . . . . . . . . . . . . . Sneak Attacks 94 | . . . 4 . 4 . . . 13 . 61 1 1 1 . . . . . . . . . . 1 1 1 . . 5 1 . Combat Hostiles 1 | . . . . . . . . . . . . 1 . . . . . . . . . . . . . . . . . . . . Follow-up Attacks 1 | . . . . . . . . . 1 . . . . . . . . . . . . . . . . . . . . . . . Damage Inflicted 43861 | 358 1794 108 . 679 1861 2743 11 807 1307 . 22979 625 180 319 155 . 249 1994 1832 2408 417 . 476 39 220 366 121 . . 600 217 996 Guns 7378 | 358 1647 108 . 266 1133 1392 11 22 . . . 69 41 . . . . 62 333 1664 . . . . 117 155 . . . . . . Cannons 4785 | . . . . . 79 633 . 281 . . . 146 74 164 155 . 249 935 1068 742 147 . . . . 112 . . . . . . Explosions 19359 | . 147 . . 413 350 718 . 500 . . 16296 27 . 73 . . . 835 . . . . . . . . . . . . . . Melee 12276 | . . . . . 292 . . . 1307 . 6683 383 65 82 . . . 114 431 . 270 . 476 39 103 99 121 . . 600 217 994 Ramming 63 | . . . . . 7 . . 4 . . . . . . . . . 48 . 2 . . . . . . . . . . . 2 Kinetic 8409 | 358 1647 108 . 136 541 1864 . 281 . . . 215 . . 155 . . 216 700 1812 147 . . . 117 112 . . . . . . Thermal 3849 | . 16 . . 262 175 92 . . . . 654 . . . . . 249 951 701 594 . . . . . 155 . . . . . . Explosive 17355 | . 131 . . 281 175 626 . 500 . . 15642 . . . . . . . . . . . . . . . . . . . . . Electromagnetic 1909 | . . . . . 671 161 11 22 . . . 27 115 237 . . . 665 . . . . . . . . . . . . . . Impact 8665 | . . . . . 292 . . . 1307 . 6683 383 . . . . . . . . . . . . . . . . . . . . Slashing 3611 | . . . . . . . . . . . . . 65 82 . . . 114 431 . 270 . 476 39 103 99 121 . . 600 217 994 Piercing . | . . . . . . . . . . . . . . . . . . . . . . . . . . . . . . . . . Highest Corruption 83 | . . . . . . 3 3 4 2 2 4 4 4 4 83 . . 3 5 1 1 1 1 1 3 3 4 4 4 . . 14 Average Corruption 2 | . . . . . . 1 3 3 1 2 1 4 4 4 5 . . 2 3 1 1 1 1 1 2 3 4 4 4 . . 3 Corruption Purged 2 | . . . . . . . . . . . 2 . . . . . . . . . . . . . . . . . . . . . Corruption Blocked . | . . . . . . . . . . . . . . . . . . . . . . . . . . . . . . . . . Effects 244 | . . . . . . 11 1 25 . 4 14 27 35 3 30 . . 9 19 4 8 5 . 5 1 24 9 4 3 . . 3 Message Errors 50 | . . . . . . . . 4 . 1 2 11 9 2 4 . . . 4 . 2 . . 2 . 4 . 1 2 . . 2 Matter Fused 52 | . . . . . . 4 1 2 . 2 4 3 9 1 5 . . 1 6 1 2 1 . 2 . 4 4 . . . . . Heat Flow Errors 40 | . . . . . . 1 . 7 . . 2 4 6 . 4 . . 2 2 . 2 1 . . 1 5 1 2 . . . . Energy Discharges 42 | . . . . . . 2 . 5 . 1 4 4 8 . 6 . . 4 1 . 1 . . . . 3 . 1 1 . . 1 Parts Rejected 4 | . . . . . . . . . . . . 1 . . . . . 1 2 . . . . . . . . . . . . . Parts Fused 5 | . . . . . . 1 . . . . . 1 . . 1 . . . . . . . . . . 1 1 . . . . . Data Loss (minor) 27 | . . . . . . 1 . 3 . . 1 2 3 . 7 . . . 1 2 1 1 . 1 . 3 1 . . . . . Data Loss (major) 8 | . . . . . . 2 . . . . 1 . . . 1 . . . . . . 1 . . . 1 2 . . . . . Misfires 10 | . . . . . . . . 3 . . . 1 . . 2 . . . 2 . . 1 . . . 1 . . . . . . Alerts 4 | . . . . . . . . . . . . . . . . . . 1 . 1 . . . . . 2 . . . . . . Weapon Failures 2 | . . . . . . . . 1 . . . . . . . . . . 1 . . . . . . . . . . . . . Overload Shots . | . . . . . . . . . . . . . . . . . . . . . . . . . . . . . . . . . Overflow Damage 5758 | . 4 . . 26 235 54 . 46 694 . 4023 207 60 . . . . . 25 10 9 . 124 . . . 91 . . 138 . 12 Projectiles 121 | . . . . . . 52 . 25 . . . . . . . . . . 25 10 9 . . . . . . . . . . . Explosions 647 | . 4 . . 26 25 2 . 21 . . 569 . . . . . . . . . . . . . . . . . . . . . Melee 4990 | . . . . . 210 . . . 694 . 3454 207 60 . . . . . . . . . 124 . . . 91 . . 138 . 12 Knockbacks 63 | . . . . . 1 14 . 4 6 . 29 1 . . 1 . . 2 1 3 1 . . . . . . . . . . . Impact 36 | . . . . . 1 . . . 6 . 29 . . . . . . . . . . . . . . . . . . . . . Kinetic 22 | . . . . . . 9 . 4 . . . 1 . . 1 . . 2 1 3 1 . . . . . . . . . . . Secondary 5 | . . . . . . 5 . . . . . . . . . . . . . . . . . . . . . . . . . . Self-Inflicted Damage 262 | . . . . . 107 12 . 25 . . 30 16 . . . . . 71 . . . . . . . . . . . . . 1 Shots 10 | . . . . . 4 1 . 2 . . 1 1 . . . . . 1 . . . . . . . . . . . . . . Rammed 3 | . . . . . 1 . . . . . . . . . . . . . . 1 . . . . . . . . . . . 1 Targets Rammed 7 | . . . . . 1 . . 1 . . . . . . . . . 3 . 1 . . . . . . . . . . . 1 Kicked 3 | . . . . . . . . . . . . . . . . . . 3 . . . . . . . . . . . . . . Crushed 1 | . . . . . . . . 1 . . . . . . . . . . . . . . . . . . . . . . . . Highest Temperature 409 | . 160 28 . 270 60 218 18 247 . 4 240 203 261 258 257 95 305 409 336 216 198 174 . . 224 250 164 254 54 72 120 93 Average Temperature 57 | . 19 16 . 93 16 46 9 56 . 2 23 78 102 88 107 47 195 157 136 49 73 56 . . 129 94 86 95 12 28 24 21 Received Heat Transfer 3076 | . 228 54 . 42 105 54 18 117 . . 36 . 9 . . . . 651 381 684 12 9 . . 109 36 18 . . . . 513 Effects 9 | . . . . 1 . . . . . . . . . . . . . 6 1 . . . . . . 1 . . . . . . Shutdowns 2 | . . . . . . . . . . . . . . . . . . 2 . . . . . . . . . . . . . . Energy Bleed 2 | . . . . . . . . . . . . . . . . . . . 1 . . . . . . 1 . . . . . . Interference 2 | . . . . 1 . . . . . . . . . . . . . 1 . . . . . . . . . . . . . . Short Circuit 2 | . . . . . . . . . . . . . . . . . . 2 . . . . . . . . . . . . . . Damage (minor) 1 | . . . . . . . . . . . . . . . . . . 1 . . . . . . . . . . . . . . Siege Activations . | . . . . . . . . . . . . . . . . . . . . . . . . . . . . . . . . . Robots Corrupted 56 | . . . . . 3 . . . 5 . 40 3 . 4 . . . 1 . . . . . . . . . . . . . . Combat Hostiles 7 | . . . . . . . . . . . . 3 . 4 . . . . . . . . . . . . . . . . . . Parts Fried 111 | . . . . . 7 . . . 17 . 67 4 2 4 . . . 10 . . . . . . . . . . . . . . Impact Corruptions 153 | . . . . . 8 1 . . 23 . 116 5 . . . . . . . . . . . . . . . . . . . . Robots Melted . | . . . . . . . . . . . . . . . . . . . . . . . . . . . . . . . . . Combat Hostiles . | . . . . . . . . . . . . . . . . . . . . . . . . . . . . . . . . . Parts Melted 2 | . . . . 1 . . . . . . . . . . . . . . . 1 . . . . . . . . . . . . Heat Transferred 2306 | . 50 . . 483 150 50 . . . . 350 . . . . . . 150 . 777 . . . . . 296 . . . . . . Parts Sabotaged . | . . . . . . . . . . . . . . . . . . . . . . . . . . . . . . . . . Parts Stolen . | . . . . . . . . . . . . . . . . . . . . . . . . . . . . . . . . . Parts Stripped . | . . . . . . . . . . . . . . . . . . . . . . . . . . . . . . . . . Power Chain Reactions 6 | . . . . . 3 1 . . . . . . . . . . . 2 . . . . . . . . . . . . . . Alert | -11 -10 -10 -10 -9 -8 -8 -8 -8 -7 -7 -7 -7 -7 -7 -6 -6 -6 -6 -6 -5 -5 -5 -5 -4 -4 -4 -3 -3 -3 -2 -1 -1 ------- Run | Yrd Mat Min Exi Min Mat Gar Mat Gar Fac Was Fac Low Low Dat Pro Fac Was Fac Gar Fac Upp Upp Zhi Pro Fac Ext Res Arm Lab Res Acc Com Peak Influence 4235 | 40 927 406 . 174 302 1289 710 1006 1218 452 4235 . . . . 3 16 370 377 289 . . . . 250 737 420 220 . 38 100 208 Initial 627 | . 26 361 . . 5 131 627 461 527 397 162 . . . . . 1 4 51 182 . . . . . 122 330 220 . . 22 64 Average 580 | 15 535 393 . 68 126 763 649 728 658 372 1752 . . . . 2 8 194 218 111 . . . . 90 258 358 105 . 12 66 117 Maximum Alert Level 5 | . 3 2 . . 1 4 3 3 4 2 5 . . . . . . 1 1 1 . . . . 1 3 2 1 . . . 1 Low Security (%) 33 | 100 9 . . 100 68 10 . . . . 3 . . . . 100 100 43 43 86 . . . . 86 38 . 90 . 100 100 93 Level 1 22 | . 18 34 . . 31 10 . . 40 37 6 . . . . . . 56 56 13 . . . . 13 38 87 9 . . . 6 Level 2 16 | . 43 65 . . . 20 93 35 22 62 9 . . . . . . . . . . . . . . 22 12 . . . . . Level 3 11 | . 28 . . . . 36 6 64 11 . 5 . . . . . . . . . . . . . . . . . . . . . Level 4 8 | . . . . . . 22 . . 24 . 27 . . . . . . . . . . . . . . . . . . . . . Level 5 4 | . . . . . . . . . . . 26 . . . . . . . . . . . . . . . . . . . . . High Security 3 | . . . . . . . . . . . 20 . . . . . . . . . . . . . . . . . . . . . Max Security . | . . . . . . . . . . . . . . . . . . . . . . . . . . . . . . . . . Squads Dispatched 90 | . 4 . . . 6 . 2 . 8 . 43 . . . . . . 5 . 9 . . . . 3 7 1 . . . . 2 Investigation 19 | . 2 . . . 2 . 1 . 1 . 5 . . . . . . 2 . . . . . . 3 2 1 . . . . . Extermination 10 | . . . . . . . . . 3 . 2 . . . . . . 1 . 3 . . . . . . . . . . . 1 Reinforcement 25 | . 2 . . . 4 . 1 . 3 . 7 . . . . . . 1 . 3 . . . . . 3 . . . . . 1 Assault 30 | . . . . . . . . . 1 . 25 . . . . . . 1 . 1 . . . . . 2 . . . . . . Garrison 6 | . . . . . . . . . . . 4 . . . . . . . . 2 . . . . . . . . . . . . Intercept . | . . . . . . . . . . . . . . . . . . . . . . . . . . . . . . . . . Searches Triggered . | . . . . . . . . . . . . . . . . . . . . . . . . . . . . . . . . . Construction Impeded 7 | . . . . . . . . . 2 . 2 . . . . . . . . 2 . . . . . 1 . . . . . . Haulers Reinforced 4 | . . . . . . . . . 1 . 2 . . . . . . . . 1 . . . . . . . . . . . . Active Scanning Responses . | . . . . . . . . . . . . . . . . . . . . . . . . . . . . . . . . . Cargo Convoy Interrupts 1 | . . . . . . . . . . . 1 . . . . . . . . . . . . . . . . . . . . . Alert ID Control Effect 4 | . . . . . . . . . . . . . . . . . . . 2 . . . . . 2 . . . . . . . Stealth | -11 -10 -10 -10 -9 -8 -8 -8 -8 -7 -7 -7 -7 -7 -7 -6 -6 -6 -6 -6 -5 -5 -5 -5 -4 -4 -4 -3 -3 -3 -2 -1 -1 --------- Run | Yrd Mat Min Exi Min Mat Gar Mat Gar Fac Was Fac Low Low Dat Pro Fac Was Fac Gar Fac Upp Upp Zhi Pro Fac Ext Res Arm Lab Res Acc Com Distress Signals 16 | . 1 . . . 3 1 . 1 . . 4 . . . . . . 2 . 1 . . . . 1 1 . 1 . . . . Communications Jammed . | . . . . . . . . . . . . . . . . . . . . . . . . . . . . . . . . . Distress Signals . | . . . . . . . . . . . . . . . . . . . . . . . . . . . . . . . . . Times Spotted 430 | . 30 2 . 6 23 33 2 22 11 5 104 10 2 4 4 . 9 17 21 30 1 1 . 2 14 56 1 1 . . 2 17 Peak Tracking Total 21 | . 4 2 . 3 6 4 2 4 3 5 21 3 1 2 4 . 6 5 5 7 1 2 . 3 4 11 1 5 . . 2 12 Tactical Retreats 37 | . 2 1 . . 4 2 . 1 . 1 12 1 . . . . 1 . 1 1 . 1 . . 2 6 . . . . . 1 Traps | -11 -10 -10 -10 -9 -8 -8 -8 -8 -7 -7 -7 -7 -7 -7 -6 -6 -6 -6 -6 -5 -5 -5 -5 -4 -4 -4 -3 -3 -3 -2 -1 -1 ------- Run | Yrd Mat Min Exi Min Mat Gar Mat Gar Fac Was Fac Low Low Dat Pro Fac Was Fac Gar Fac Upp Upp Zhi Pro Fac Ext Res Arm Lab Res Acc Com Traps Triggered 23 | . . . . . 2 2 . 5 1 . . . . . . 1 . 6 3 1 . . . . . 1 1 . . . . . Indirectly 4 | . . . . . . . . . . . . . . . . . . 4 . . . . . . . . . . . . . . Trap Hack Attempts 23 | . . . . . 23 . . . . . . . . . . . . . . . . . . . . . . . . . . . Triggered . | . . . . . . . . . . . . . . . . . . . . . . . . . . . . . . . . . Disarmed . | . . . . . . . . . . . . . . . . . . . . . . . . . . . . . . . . . Reprogrammed . | . . . . . . . . . . . . . . . . . . . . . . . . . . . . . . . . . Reused 2 | . . . . . . . . . . . . . . 2 . . . . . . . . . . . . . . . . . . Traps Extracted . | . . . . . . . . . . . . . . . . . . . . . . . . . . . . . . . . . Installed 3 | . . . . . . . . . . . . . . 3 . . . . . . . . . . . . . . . . . . Triggered 7 | . . . . . 1 . . . . . . . 1 . . . . 2 . . 1 . . 2 . . . . . . . . Most Traps Carried 3 | . . . . . . . . . . . . . 3 3 . . . . . . . . . . . . . . . . . . Machines | -11 -10 -10 -10 -9 -8 -8 -8 -8 -7 -7 -7 -7 -7 -7 -6 -6 -6 -6 -6 -5 -5 -5 -5 -4 -4 -4 -3 -3 -3 -2 -1 -1 ---------- Run | Yrd Mat Min Exi Min Mat Gar Mat Gar Fac Was Fac Low Low Dat Pro Fac Was Fac Gar Fac Upp Upp Zhi Pro Fac Ext Res Arm Lab Res Acc Com Machines Disabled 120 | . 36 . . 2 1 8 . 2 16 . 28 . . . . . . 14 3 1 . . . . 4 3 . 1 1 . . . Max in Single Turn 8 | . 3 . . 1 1 2 . 1 1 . 5 . . . . . . 8 1 1 . . . . . . . 1 1 . . . Garrison Access 3 | . . . . . . . . . . . 1 . . . . . . 1 . 1 . . . . . . . . . . . . Garrison Relay 7 | . . . . . . 3 . 1 . . . . . . . . . . 3 . . . . . . . . . . . . . Phase Generator 1 | . . . . . . 1 . . . . . . . . . . . . . . . . . . . . . . . . . . Energy Cycler 1 | . . . . . . . . . . . . . . . . . . . . . . . . . . 1 . . . . . . Machines Repaired . | . . . . . . . . . . . . . . . . . . . . . . . . . . . . . . . . . Machines Dismantled . | . . . . . . . . . . . . . . . . . . . . . . . . . . . . . . . . . Machines Sabotaged . | . . . . . . . . . . . . . . . . . . . . . . . . . . . . . . . . . Overloaded Fab Kills . | . . . . . . . . . . . . . . . . . . . . . . . . . . . . . . . . . Hacking | -11 -10 -10 -10 -9 -8 -8 -8 -8 -7 -7 -7 -7 -7 -7 -6 -6 -6 -6 -6 -5 -5 -5 -5 -4 -4 -4 -3 -3 -3 -2 -1 -1 --------- Run | Yrd Mat Min Exi Min Mat Gar Mat Gar Fac Was Fac Low Low Dat Pro Fac Was Fac Gar Fac Upp Upp Zhi Pro Fac Ext Res Arm Lab Res Acc Com Machines Accessed 122 | . 9 . 5 . 14 4 1 1 5 . 22 3 1 4 . 1 . 5 1 4 1 . 7 . 8 14 2 1 1 2 4 2 Terminals 71 | . 6 . . . 11 4 . 1 3 . 12 . . . . . . 3 1 1 1 . . . 5 13 1 1 . 2 4 2 Fabricators 10 | . . . . . . . . . 2 . 4 . . . . 1 . . . 1 . . . . 2 . . . . . . . Repair Stations 5 | . 1 . . . . . . . . . 3 . . . . . . 1 . . . . . . . . . . . . . . Recycling Units 5 | . 2 . . . 1 . . . . . 1 . . . . . . . . . . . . . . 1 . . . . . . Scanalyzers 3 | . . . . . 1 . . . . . 1 . . . . . . . . 1 . . . . . . . . . . . . Garrison Access 7 | . . . . . 1 . 1 . . . 1 . . . . . . 1 . 1 . . . . 1 . 1 . . . . . Total Hacks 486 | . 31 . 50 . 45 6 3 2 35 . 66 7 1 34 . 2 . 15 1 8 1 . 42 . 36 48 7 9 19 6 10 2 Successful 349 | . 19 . 50 . 26 4 3 1 25 . 44 7 1 34 . 1 . 8 1 3 1 . 42 . 18 22 5 4 19 4 6 1 Failed 135 | . 11 . . . 18 2 . 1 10 . 22 . . . . 1 . 7 . 5 . . . . 18 26 2 5 . 2 4 1 Catastrophic 25 | . 2 . . . 5 . . . 2 . 2 . . . . 1 . 2 . . . . . . 5 3 . 1 . . 1 1 Database Lockouts 2 | . 1 . . . 1 . . . . . . . . . . . . . . . . . . . . . . . . . . . Manual 161 | . 24 . 1 . 29 . 1 . 6 . 28 . . . . 1 . 7 . 4 . . . . 23 28 2 . . 1 4 2 Terminals 238 | . 28 . . . 38 6 . 2 6 . 37 . . . . . . 9 1 3 1 . . . 28 47 5 9 . 6 10 2 Fabricators 48 | . . . . . . . . . 29 . 10 . . . . 2 . . . 1 . . . . 6 . . . . . . . Repair Stations 9 | . 1 . . . . . . . . . 6 . . . . . . 2 . . . . . . . . . . . . . . Recycling Units 7 | . 2 . . . 2 . . . . . 2 . . . . . . . . . . . . . . 1 . . . . . . Scanalyzers 15 | . . . . . 4 . . . . . 9 . . . . . . . . 2 . . . . . . . . . . . . Garrison Access 16 | . . . . . 1 . 3 . . . 2 . . . . . . 4 . 2 . . . . 2 . 2 . . . . . Terminal Hacks 235 | . 8 . 50 . 13 4 . 1 . . 7 7 1 34 . . . 3 1 1 1 . 42 . 10 15 3 4 19 4 6 1 Record 125 | . . . 49 . . . . . . . . 5 . 11 . . . . . . 1 . 34 . 4 . 1 . 19 . 1 . Part Schematic 24 | . 1 . . . . . . . . . 2 . . 13 . . . . . . . . 4 . 2 2 . . . . . . Robot Schematic 8 | . . . . . 1 . . . . . . . . 7 . . . . . . . . . . . . . . . . . . Robot Analysis 1 | . 1 . . . . . . . . . . . . . . . . . . . . . . . . . . . . . . . Prototype ID Bank 11 | . 2 . . . 1 . . . . . 1 . . 3 . . . . . . . . 4 . . . . . . . . . Open Door 14 | . . . . . . 1 . . . . . 2 1 . . . . . . . . . . . 1 6 . . . . 3 . Level Access Points 1 | . . . . . . . . . . . . . . . . . . . . . . . . . . . . . . 1 . . Branch Access Points 4 | . . . . . 1 . . . . . 1 . . . . . . . . 1 . . . . 1 . . . . . . . Emergency Access Points 3 | . . . . . . 1 . 1 . . . . . . . . . . 1 . . . . . . . . . . . . . Terminal Index 3 | . 1 . . . 1 . . . . . 1 . . . . . . . . . . . . . . . . . . . . . Fabricator Index 1 | . . . . . . . . . . . 1 . . . . . . . . . . . . . . . . . . . . . Unreport Threat 3 | . . . . . . . . . . . . . . . . . . 1 . . . . . . . 1 . 1 . . . . Locate Traps 5 | . 2 . . . 1 . . . . . . . . . . . . . . . . . . . . 1 . . . 1 . . Recall Investigation 3 | . . . . . . . . . . . . . . . . . . . . . . . . . 1 2 . . . . . . Recall Reinforcements 2 | . . . . . . . . . . . . . . . . . . . . . . . . . . 2 . . . . . . Hauler Manifests 10 | . 1 . . . 1 . . . . . 1 . . . . . . 1 . . . . . . 1 1 1 1 . 1 1 . Registered Components 1 | . . . . . . . . . . . . . . . . . . . . . . . . . . . . 1 . . . . Registered Prototypes 1 | . . . . . . . . . . . . . . . . . . . . . . . . . . . . 1 . . . . Zone Layout 12 | . . . . . 7 . . . . . . . . . . . . 1 . . . . . . . . 1 . . 1 1 1 Garrison Registry 1 | . . . . . . 1 . . . . . . . . . . . . . . . . . . . . . . . . . . Patrol Navigation 1 | . . . . . . 1 . . . . . . . . . . . . . . . . . . . . . . . . . . Derelict Proto ID Bank 1 | . . . 1 . . . . . . . . . . . . . . . . . . . . . . . . . . . . . Fabricator Hacks 37 | . . . . . . . . . 24 . 8 . . . . 1 . . . . . . . . 4 . . . . . . . Load Schematic 19 | . . . . . . . . . 12 . 4 . . . . 1 . . . . . . . . 2 . . . . . . . Build 18 | . . . . . . . . . 12 . 4 . . . . . . . . . . . . . 2 . . . . . . . Repair Station Hacks 6 | . . . . . . . . . . . 6 . . . . . . . . . . . . . . . . . . . . . Scan Component 3 | . . . . . . . . . . . 3 . . . . . . . . . . . . . . . . . . . . . Repair 3 | . . . . . . . . . . . 3 . . . . . . . . . . . . . . . . . . . . . Recycling Unit Hacks 1 | . . . . . . . . . . . 1 . . . . . . . . . . . . . . . . . . . . . Retrieve Components 1 | . . . . . . . . . . . 1 . . . . . . . . . . . . . . . . . . . . . Scanalyzer 11 | . . . . . 2 . . . . . 9 . . . . . . . . . . . . . . . . . . . . . Insert Component 5 | . . . . . 1 . . . . . 4 . . . . . . . . . . . . . . . . . . . . . Analyze 6 | . . . . . 1 . . . . . 5 . . . . . . . . . . . . . . . . . . . . . Garrison Access Hacks 12 | . . . . . 1 . 2 . . . 2 . . . . . . 3 . 2 . . . . 1 . 1 . . . . . Unlock Access 4 | . . . . . 1 . 1 . . . . . . . . . . 1 . 1 . . . . . . . . . . . . Seal Access 1 | . . . . . . . . . . . 1 . . . . . . . . . . . . . . . . . . . . . Coupler Status 7 | . . . . . . . 1 . . . 1 . . . . . . 2 . 1 . . . . 1 . 1 . . . . . Unauthorized Hacks 46 | . 11 . . . 10 . 1 . 1 . 10 . . . . . . 2 . . . . . . 3 7 1 . . . . . Terminals 34 | . 9 . . . 9 . . . . . 9 . . . . . . 1 . . . . . . . 6 . . . . . . Track 1 | . 1 . . . . . . . . . . . . . . . . . . . . . . . . . . . . . . . Assimilate 3 | . 1 . . . . . . . . . 1 . . . . . . 1 . . . . . . . . . . . . . . Botnet 10 | . 1 . . . 4 . . . . . 3 . . . . . . . . . . . . . . 2 . . . . . . Disrupt 4 | . . . . . . . . . . . . . . . . . . . . . . . . . . 4 . . . . . . Operators 1 | . 1 . . . . . . . . . . . . . . . . . . . . . . . . . . . . . . . Skim 15 | . 5 . . . 5 . . . . . 5 . . . . . . . . . . . . . . . . . . . . . Fabricators 4 | . . . . . . . . . 1 . 1 . . . . . . . . . . . . . 2 . . . . . . . Prioritize 3 | . . . . . . . . . 1 . . . . . . . . . . . . . . . 2 . . . . . . . Recompile 1 | . . . . . . . . . . . 1 . . . . . . . . . . . . . . . . . . . . . Repair Stations . | . . . . . . . . . . . . . . . . . . . . . . . . . . . . . . . . . Recycling Units 4 | . 2 . . . 1 . . . . . . . . . . . . . . . . . . . . 1 . . . . . . Recyclers 2 | . . . . . 1 . . . . . . . . . . . . . . . . . . . . 1 . . . . . . Tunnel 2 | . 2 . . . . . . . . . . . . . . . . . . . . . . . . . . . . . . . Scanalyzers . | . . . . . . . . . . . . . . . . . . . . . . . . . . . . . . . . . Garrison Access 4 | . . . . . . . 1 . . . . . . . . . . 1 . . . . . . 1 . 1 . . . . . Eject 4 | . . . . . . . 1 . . . . . . . . . . 1 . . . . . . 1 . 1 . . . . . Data Cores Recovered 3 | . . . . . 1 . . . . . 2 . . . . . . . . . . . . . . . . . . . . . Used 2 | . . . . . . . . . . . 2 . . . . . . . . . . . . . . . . . . . . . Hacking Detections 68 | . 7 . . . 12 2 1 1 5 . 16 . . . . 1 . 4 1 3 . . . . 6 4 1 1 . 1 1 1 Full Trace Events 9 | . . . . . 1 . . . 1 . 3 . . . . . . 1 . . . . . . 2 1 . . . . . . Feedback Events . | . . . . . . . . . . . . . . . . . . . . . . . . . . . . . . . . . Feedback Blocked . | . . . . . . . . . . . . . . . . . . . . . . . . . . . . . . . . . Robot Schematics Acquired 8 | . . . . . 1 . . . . . . . . 7 . . . . . . . . . . . . . . . . . . Robots Built 11 | . . . . . . . . . 11 . . . . . . . . . . . . . . . . . . . . . . . Authchips 12 | . . . . . . . . . 12 . . . . . . . . . . . . . . . . . . . . . . . Time 696 | . . . . . . . . . 696 . . . . . . . . . . . . . . . . . . . . . . . Total Robot Build Rating 33 | . . . . . . . . . 33 . . . . . . . . . . . . . . . . . . . . . . . Part Schematics Acquired 28 | . 1 . . . 1 . . . . . 5 . . 13 . . . . . . . . 4 . 2 2 . . . . . . Parts Built 8 | . . . . . . . . . . . 6 . . . . . . . . . . . . . 2 . . . . . . . Authchips 1 | . . . . . . . . . . . 1 . . . . . . . . . . . . . . . . . . . . . Time 285 | . . . . . . . . . . . 160 . . . . . . . . . . . . . 125 . . . . . . . Total Part Build Rating 47 | . . . . . . . . . . . 32 . . . . . . . . . . . . . 15 . . . . . . . Parts Repaired 3 | . . . . . . . . . . . 3 . . . . . . . . . . . . . . . . . . . . . Time 189 | . . . . . . . . . . . 189 . . . . . . . . . . . . . . . . . . . . . Parts Recycled . | . . . . . . . . . . . . . . . . . . . . . . . . . . . . . . . . . Recycled Matter . | . . . . . . . . . . . . . . . . . . . . . . . . . . . . . . . . . Retrieved Matter . | . . . . . . . . . . . . . . . . . . . . . . . . . . . . . . . . . Retrieved Components 9 | . . . . . . . . . . . 9 . . . . . . . . . . . . . . . . . . . . . Parts Scanalyzed 4 | . . . . . 1 . . . . . 3 . . . . . . . . . . . . . . . . . . . . . Part Schematics Acquired 4 | . . . . . 1 . . . . . 3 . . . . . . . . . . . . . . . . . . . . . Parts Damaged 1 | . . . . . 1 . . . . . . . . . . . . . . . . . . . . . . . . . . . Bothacking | -11 -10 -10 -10 -9 -8 -8 -8 -8 -7 -7 -7 -7 -7 -7 -6 -6 -6 -6 -6 -5 -5 -5 -5 -4 -4 -4 -3 -3 -3 -2 -1 -1 ------------ Run | Yrd Mat Min Exi Min Mat Gar Mat Gar Fac Was Fac Low Low Dat Pro Fac Was Fac Gar Fac Upp Upp Zhi Pro Fac Ext Res Arm Lab Res Acc Com Used RIF Installer 4 | . . . . . . 2 . 1 . . . . . . . . . . 1 . . . . . . . . . . . . . Hotswap 1 | . . . . . . 1 . . . . . . . . . . . . . . . . . . . . . . . . . . Command Fork 1 | . . . . . . . . . . . . . . . . . . . 1 . . . . . . . . . . . . . Alert ID Control 1 | . . . . . . . . 1 . . . . . . . . . . . . . . . . . . . . . . . . Robots Hacked 29 | . . . 4 . . 1 . 10 . . . . . . . . . 1 6 3 . . 1 . 1 . . . . 1 1 . Non-combat 7 | . . . 3 . . . . . . . . . . . . . . . . 2 . . . . . . . . . 1 1 . Combat 22 | . . . 1 . . 1 . 10 . . . . . . . . . 1 6 1 . . 1 . 1 . . . . . . . Robot Hacks Applied 34 | . . . 4 . . 1 . 11 . . . . . . . . . 1 7 4 . . 1 . 1 . . . . 3 1 . parse_system 6 | . . . 4 . . . . . . . . . . . . . . . . 1 . . 1 . . . . . . . . . no_distress 1 | . . . . . . . . . . . . . . . . . . . . 1 . . . . . . . . . . . . find_dsf 1 | . . . . . . . . . . . . . . . . . . . . . . . . . . . . . . 1 . . drop_inventory 1 | . . . . . . . . . . . . . . . . . . . . . . . . . . . . . . 1 . . recall_reinforcements 1 | . . . . . . . . . . . . . . . . . . . . 1 . . . . . . . . . . . . locate_stockpiles 1 | . . . . . . . . . . . . . . . . . . . . . . . . . . . . . . 1 . . block_reporting 1 | . . . . . . . . . . . . . . . . . . . . . . . . . . . . . . . 1 . scatter_targeting 1 | . . . . . . . . 1 . . . . . . . . . . . . . . . . . . . . . . . . spike_heat 1 | . . . . . . . . . . . . . . . . . . . 1 . . . . . . . . . . . . . overload_power 1 | . . . . . . . . 1 . . . . . . . . . . . . . . . . . . . . . . . . reboot_system 3 | . . . . . . . . 1 . . . . . . . . . . 2 . . . . . . . . . . . . . overwrite_iff 7 | . . . . . . . . 5 . . . . . . . . . . 1 . . . . . 1 . . . . . . . formatsys_high 9 | . . . . . . 1 . 3 . . . . . . . . . 1 3 1 . . . . . . . . . . . . Relay Couplers Released 47 | . . . . . . 11 3 7 . . . . . . . . . 5 12 1 . . . . 4 . 4 . . . . . Ejected 14 | . . . . . . . 3 . . . . . . . . . . 3 . . . . . . 4 . 4 . . . . . Machine Destruction 30 | . . . . . . 11 . 4 . . . . . . . . . 2 12 1 . . . . . . . . . . . . Programmers 3 | . . . . . . . . 3 . . . . . . . . . . . . . . . . . . . . . . . . Attached 14 | . . . . . . 1 . 5 . . . . . . . . . 1 2 2 . . . . 1 1 . . . 1 . . Fabnet Peak Effective % . | . . . . . . . . . . . . . . . . . . . . . . . . . . . . . . . . . Robots Rewired 18 | . . . . . . . . . . . . . . . . . . . . . . . . . . 18 . . . . . . Allies Hacked 5 | . . . . . . 1 . . . . 2 . . . . . . . 2 . . . . . . . . . . . . . Hacks Repelled . | . . . . . . . . . . . . . . . . . . . . . . . . . . . . . . . . . Allies | -11 -10 -10 -10 -9 -8 -8 -8 -8 -7 -7 -7 -7 -7 -7 -6 -6 -6 -6 -6 -5 -5 -5 -5 -4 -4 -4 -3 -3 -3 -2 -1 -1 -------- Run | Yrd Mat Min Exi Min Mat Gar Mat Gar Fac Was Fac Low Low Dat Pro Fac Was Fac Gar Fac Upp Upp Zhi Pro Fac Ext Res Arm Lab Res Acc Com Total Allies 77 | . 1 . . . . 1 . 8 11 19 1 . . . . . . 1 4 1 . . . . 1 29 . . . . . . Largest Group 19 | . 1 . . . . 1 1 2 11 19 13 . . . . . . 1 2 1 . . . . . 17 . . . . . . Highest-Rated Group 720 | . 10 . . . . 18 18 34 374 465 347 . . . . . . 29 64 41 . . . . . 720 . . . . . . Highest-Rated Ally 159 | . 10 . . . . 18 18 18 34 35 31 . . . . . . 29 32 41 . . . . . 159 . . . . . . Total Orders 30 | . . . . . . . . . . . . . . . . . . . . . . . . . . 30 . . . . . . STAY 3 | . . . . . . . . . . . . . . . . . . . . . . . . . . 3 . . . . . . FOLLOW 1 | . . . . . . . . . . . . . . . . . . . . . . . . . . 1 . . . . . . EXPLORE 3 | . . . . . . . . . . . . . . . . . . . . . . . . . . 3 . . . . . . RETURN 23 | . . . . . . . . . . . . . . . . . . . . . . . . . . 23 . . . . . . Ally Attacks 692 | . . . . . . 1 4 38 50 140 159 . . . . . . 6 21 2 . . . . . 271 . . . . . . Total Damage 20809 | . . . . . . 31 131 621 4937 4379 2053 . . . . . . 85 488 89 . . . . 686 7309 . . . . . . Kills 120 | . . . . . . 1 2 7 34 11 17 . . . . . . . 3 . . . . . 3 42 . . . . . . Allies Corrupted 3 | . . . . . . . . . 1 . . . . . . . . . 1 . . . . . . 1 . . . . . . Allies Melted 1 | . . . . . . . . . . . . . . . . . . . . . . . . . . 1 . . . . . . Intel | -11 -10 -10 -10 -9 -8 -8 -8 -8 -7 -7 -7 -7 -7 -7 -6 -6 -6 -6 -6 -5 -5 -5 -5 -4 -4 -4 -3 -3 -3 -2 -1 -1 ------- Run | Yrd Mat Min Exi Min Mat Gar Mat Gar Fac Was Fac Low Low Dat Pro Fac Was Fac Gar Fac Upp Upp Zhi Pro Fac Ext Res Arm Lab Res Acc Com Robot Analysis Total 146 | . 1 . . . . . . . . . . . . 145 . . . . . . . . . . . . . . . . . . Derelict Logs Recovered 8 | . . 1 . . . . . . . . . 2 2 . 1 . . . . . 1 1 . . . . . . . . . . Drone Launches 18 | . . . . . . . . . . . . . . . . . . . . . . . . . . 18 . . . . . . Drone Recoveries 16 | . . . . . . . . . . . . . . . . . . . . . . . . . . 16 . . . . . . Exploration | -11 -10 -10 -10 -9 -8 -8 -8 -8 -7 -7 -7 -7 -7 -7 -6 -6 -6 -6 -6 -5 -5 -5 -5 -4 -4 -4 -3 -3 -3 -2 -1 -1 ------------- Run | Yrd Mat Min Exi Min Mat Gar Mat Gar Fac Was Fac Low Low Dat Pro Fac Was Fac Gar Fac Upp Upp Zhi Pro Fac Ext Res Arm Lab Res Acc Com Turns Passed 28779 | 162 2682 118 509 624 2462 1449 102 1254 2035 548 3252 1377 1567 456 1163 45 223 802 854 1559 781 999 143 511 363 1417 365 139 118 193 210 297 Spaces Moved 19947 | 79 1136 57 298 231 1246 732 45 514 1066 551 4927 954 1063 222 526 30 172 483 349 679 506 956 161 663 294 811 204 115 145 206 237 289 Core 139 | 1 . . . . . . . . . . . . . . . . . . . 81 2 . . . . . . . . . . 55 Treads 2453 | . 1013 57 298 231 640 . . . . . . . . . . . . . 29 185 . . . . . . . . . . . . Legs 4490 | . . . . . . . . . . . . 354 1063 222 526 30 172 483 320 278 . . . . . 810 204 28 . . . . Wheels 3193 | 78 123 . . . 606 732 45 514 1066 29 . . . . . . . . . . . . . . . . . . . . . . Hover 9397 | . . . . . . . . . . 394 4927 600 . . . . . . . 135 504 956 136 663 252 . . 36 145 206 237 206 Flight 275 | . . . . . . . . . . 128 . . . . . . . . . . . . 25 . 42 1 . 51 . . . 28 Fastest Speed 24 | 50 95 160 160 240 145 145 205 145 145 24 40 54 140 140 120 120 120 105 105 50 65 65 65 74 74 99 126 25 45 45 39 40 Average Speed 107 | 92 152 160 167 240 158 158 205 197 145 74 49 127 140 141 208 120 120 117 139 125 65 65 72 74 78 128 126 65 45 45 44 50 Slowest Speed 391 | 95 160 160 240 240 391 205 205 220 205 194 113 177 140 210 210 120 120 190 320 300 250 65 99 74 150 140 126 260 45 45 45 150 Overloaded Moves . | . . . . . . . . . . . . . . . . . . . . . . . . . . . . . . . . . Propulsion Burnouts . | . . . . . . . . . . . . . . . . . . . . . . . . . . . . . . . . . Robots Hopped 5 | . . . . . . . . . . . . . . . . . . . . . . . . . . . . . . . . 5 Cave-ins Triggered . | . . . . . . . . . . . . . . . . . . . . . . . . . . . . . . . . . Teleports 1 | . . . . . . . . . . . . . . . . . . . . . . . . . . . . 1 . . . . Exploration Rate (%) 51 | 5 99 27 72 46 87 88 7 60 25 94 77 87 94 80 62 2 81 20 41 25 66 77 63 89 9 75 8 7 94 6 10 12 Regions Visited 32 Branch Regions 15 Pre-discovered Areas 37 | . 3 . 1 . 3 . . . . . 3 2 . 22 . . . . . . . . 3 . . . . . . . . . Known Exits Taken 21 | . . . 1 . 1 . 1 . . . 1 1 1 1 1 . . 1 . 1 1 1 1 1 1 1 1 1 1 1 1 . Unknown Exits Taken 4 | 1 1 1 . 1 . . . . . . . . . . . . . . . . . . . . . . . . . . . . Scrap Searched 20 | . . . . 1 . . . . . . . 4 5 . 3 . . . . . 4 2 . 1 . . . . . . . . Spaces Dug 327 | . 6 . . . 30 4 . . 2 . 122 5 . . 11 3 . 10 . 37 3 35 . 1 16 2 5 2 . 6 4 23 Terrain Destroyed 1736 | . 307 . . 37 62 113 1 58 2 . 956 6 . . 12 3 1 21 2 53 4 36 . 1 19 2 5 2 . 6 4 23 Melee 97 | . . . . . 18 4 . . 2 . 19 1 . . . . . . . . 1 17 . 1 12 1 5 2 . 5 4 5 Projectile 174 | . 9 . . 7 23 4 1 . . . 1 5 . . 12 3 1 16 2 53 3 19 . . 7 1 . . . 1 . 6 AOE 1465 | . 298 . . 30 21 105 . 58 . . 936 . . . . . . 5 . . . . . . . . . . . . . 12 Terrain Rammed . | . . . . . . . . . . . . . . . . . . . . . . . . . . . . . . . . . Walls Destroyed . | . . . . . . . . . . . . . . . . . . . . . . . . . . . . . . . . . Machines Disabled . | . . . . . . . . . . . . . . . . . . . . . . . . . . . . . . . . . Actions | -11 -10 -10 -10 -9 -8 -8 -8 -8 -7 -7 -7 -7 -7 -7 -6 -6 -6 -6 -6 -5 -5 -5 -5 -4 -4 -4 -3 -3 -3 -2 -1 -1 --------- Run | Yrd Mat Min Exi Min Mat Gar Mat Gar Fac Was Fac Low Low Dat Pro Fac Was Fac Gar Fac Upp Upp Zhi Pro Fac Ext Res Arm Lab Res Acc Com Total 25297 | 121 1540 73 308 276 1613 919 54 696 1507 695 5362 1068 1146 322 567 37 180 636 607 1227 939 1293 176 679 390 1174 305 171 189 285 325 417 Wait 2953 | 4 66 10 . 3 171 25 4 24 382 66 150 48 42 14 2 2 4 78 117 377 418 304 1 14 63 249 83 29 30 59 69 45 Move 19911 | 78 1135 56 297 230 1246 731 44 513 1066 550 4926 953 1062 221 525 30 171 482 348 678 505 955 160 662 293 810 203 114 144 205 236 282 Hop 2 | . . . . . . . . . . . . . . . . . . . . . . . . . . . . . . . . 2 Pick Up 224 | 8 15 . 2 4 18 14 2 20 8 11 10 10 14 17 2 . . 3 19 5 1 1 1 . 8 6 5 3 2 1 2 12 Fast Attach 78 | 7 1 . . . 3 1 . . . 1 1 4 1 1 3 . . 6 7 16 1 . 4 . . 7 1 6 4 . 3 . Attach 149 | . 1 . . 7 14 22 . 8 15 9 5 7 . 3 10 1 . 3 8 12 1 . . . 3 4 . 1 1 2 . 12 Detach 80 | . . . . 5 13 17 . 6 1 5 1 4 . 4 1 1 . 2 2 3 . . . . . 5 1 1 1 . . 7 Swap 280 | . 35 1 2 7 33 9 1 21 7 21 62 9 7 9 3 . . 12 14 8 2 1 1 1 . 2 1 7 . . 2 2 Drop 224 | . 13 . 3 1 19 6 2 13 2 32 14 . 17 17 2 . . 1 7 19 . 1 2 . . 7 5 7 2 1 3 28 Fire 869 | 24 274 6 . 19 41 52 1 44 . . 76 24 2 15 19 3 5 42 64 108 6 14 1 . 6 9 . . . 4 1 9 Melee 359 | . . . 4 . 31 25 . 6 26 . 117 9 1 18 . . . 4 16 . 5 17 6 2 17 2 6 3 5 13 9 17 Ram 1 | . . . . . . . . . . . . . . . . . . . . . . . . . . . . . . . . 1 Kick 3 | . . . . . . . . . . . . . . . . . . 3 . . . . . . . . . . . . . . Crush 3 | . . . . . 1 . . 1 . . . . . . . . . . . 1 . . . . . . . . . . . . Escape Stasis 61 | . . . . . . 16 . 40 . . . . . . . . . . 5 . . . . . . . . . . . . . Rewire 74 | . . . . . . 1 . . . . . . . . . . . . . . . . . . . 73 . . . . . . Trap 26 | . . . . . 23 . . . . . . . . 3 . . . . . . . . . . . . . . . . . . Miscellaneous . | . . . . . . . . . . . . . . . . . . . . . . . . . . . . . . . . . Route ------- -11/Scrapyard -10/Materials (discovered 5 exits: *Mat x3 / [*Min] / *Sub) -10/Mines (discovered 2 exits: *Exi / Sub) -10/Exiles (discovered 2 exits: *Min x2) -9/Mines -8/Materials (discovered 4 exits: *Fac x3 / Gar) -8/Garrison (discovered 3 exits: *Mat x3) -8/Materials -8/Garrison (discovered 3 exits: *Fac x3) -7/Factory (discovered 3 exits: *Fac / Sto / *Low) -7/Waste -7/Factory (discovered 7 exits: Fac x4 / Sto / *Low x2) -7/Lower Caves -7/Lower Caves (discovered 2 exits: *Fac / *Dat) -7/Data Miner -6/Proximity Caves -6/Factory (discovered 4 exits: *Fac x2 / Low x2) -6/Waste -6/Factory (discovered 3 exits: *Fac / *Low / Gar) -6/Garrison -5/Factory (discovered 3 exits: *Fac / *Upp x2) -5/Upper Caves -5/Upper Caves (discovered 2 exits: *Fac / *Zhi) -5/Zhirov -4/Proximity Caves -4/Factory (discovered 4 exits: Upp x2 / *Ext x2) -4/Extension -3/Research -3/Armory -3/Lab -2/Research (discovered 3 exits: *Acc x3) -1/Access -1/Command 0b10 Command History --------- Turn | Location | Event 19 | -11/Scrapyard | Discovered new exit (range 16) 163 | -11/Scrapyard | Entered Materials 324 | -10/Materials | Build established: Mutant 360 | -10/Materials | Discovered new exit (range 3) 490 | -10/Materials | Discovered new exit (range 13) 594 | -10/Materials | Central database locked down 714 | -10/Materials | Discovered new exit (range 5) 1626 | -10/Materials | Learned location of Mines (-9) 1638 | -10/Materials | Discovered new exit (range 13) 1717 | -10/Materials | Loaded intel: 1 repair station location 1749 | -10/Materials | Learned Materials repair station intel 1770 | -10/Materials | Learned Storage stockpile data 1799 | -10/Materials | Identified exit to Materials 1840 | -10/Materials | Learned 4 Subcaves zone layouts 2845 | -10/Materials | Entered Mines 2846 | -10/Mines | Identified exit to Subcaves 2957 | -10/Mines | Deemed a non-threat by the Exiles lab entrance 2957 | -10/Mines | Discovered new exit (range 5) 2963 | -10/Mines | Entered Exiles 2964 | -10/Exiles | Identified exit to Mines 3008 | -10/Exiles | Met 8R-AWN 3034 | -10/Exiles | Met EX-HEX 3109 | -10/Exiles | Met EX-DEC 3150 | -10/Exiles | Learned location of Zion (-6) 3176 | -10/Exiles | Met EX-BIN 3200 | -10/Exiles | Aligned with FarCom system 3201 | -10/Exiles | Given EX-Vault access code 3264 | -10/Exiles | Opened EX-Vault 3273 | -10/Exiles | Found AWS/Gauss 3303 | -10/Exiles | Warned to stay clear of 0b10 Research branches 3472 | -10/Exiles | Left Exiles lab with AWS/Gauss 3472 | -10/Exiles | Entered Mines 3551 | -9/Mines | Found a damaged Exp. Sensor Array with a note attached 3556 | -9/Mines | Found Prototype Device 3557 | -9/Mines | Identified Exp. Sensor Array 3751 | -9/Mines | Found a hidden stash of uninstalled traps 4071 | -9/Mines | Discovered new exit (range 10) 4096 | -9/Mines | Entered Materials 4096 | -8/Materials | Evolved 4 slots: Propulsion x2, Utility x2 4097 | -8/Materials | Loaded intel: 2 repair station locations 4601 | -8/Materials | Build established: Scavenger-Mutant 4730 | -8/Materials | Central database locked down 4796 | -8/Materials | Discovered new exit (range 4) 4889 | -8/Materials | Learned location of 1 exit from Lower Caves 4942 | -8/Materials | Learned Factory trap positions 4953 | -8/Materials | Learned Factory stockpile data 4954 | -8/Materials | Learned Storage stockpile data 4984 | -8/Materials | Learned Factory trap positions 5054 | -8/Materials | Learned Factory stockpile data 5078 | -8/Materials | Discovered new exit (range 12) 5414 | -8/Materials | Discovered new exit (range 3) 5597 | -8/Materials | Build established: Hauler-Mutant 5696 | -8/Materials | Found Prototype Device 5698 | -8/Materials | Identified Multitargeting Array 6558 | -8/Materials | Identified exit to Garrison 6558 | -8/Materials | Entered Garrison 6736 | -8/Garrison | Triggered checkpoint 6862 | -8/Garrison | Phase Generator disabled 7002 | -8/Garrison | Triggered checkpoint 7073 | -8/Garrison | Garrison Relay disabled 7161 | -8/Garrison | Triggered checkpoint 7192 | -8/Garrison | Triggered checkpoint 7241 | -8/Garrison | AWS/Gauss suddenly broke down 7270 | -8/Garrison | Discovered new exit (range 10) 7366 | -8/Garrison | Triggered checkpoint 7459 | -8/Garrison | Discovered new exit (range 14) 7485 | -8/Garrison | Discovered new exit (range 76) 7485 | -8/Garrison | Discovered new exit (range 7) 7485 | -8/Garrison | Discovered new exit (range 40) 7556 | -8/Garrison | Triggered checkpoint 7573 | -8/Garrison | Installed Relay Interface Framework 7600 | -8/Garrison | Garrison Relay disabled 7687 | -8/Garrison | Garrison Relay disabled 7699 | -8/Garrison | Triggered checkpoint 7862 | -8/Garrison | Expanded RIF knowledge: Hotswap 8007 | -8/Garrison | Entered Materials 8007 | -8/Materials | Accompanied by 1 ally 8102 | -8/Materials | Identified exit to Garrison 8109 | -8/Materials | Entered Garrison 8109 | -8/Garrison | Accompanied by 1 ally 8223 | -8/Garrison | Triggered checkpoint 8234 | -8/Garrison | Build established: Bothacker-Mutant 8250 | -8/Garrison | Triggered checkpoint 8290 | -8/Garrison | P-60 Hacker assimilated allied Rogue 3a 8385 | -8/Garrison | Discovered new exit (range 8) 8453 | -8/Garrison | Triggered checkpoint 8543 | -8/Garrison | Triggered checkpoint 8829 | -8/Garrison | Discovered new exit (range 12) 9046 | -8/Garrison | Build established: Hauler-Mutant 9074 | -8/Garrison | Triggered checkpoint 9126 | -8/Garrison | Garrison Relay disabled 9162 | -8/Garrison | Expanded RIF knowledge: Alert ID Control 9345 | -8/Garrison | Discovered new exit (range 13) 9363 | -8/Garrison | Entered Factory 9363 | -7/Factory | Evolved 2 slots: Propulsion x1, Utility x1 9364 | -7/Factory | Identified exit to Storage 9364 | -7/Factory | Identified exit to Lower Caves 9365 | -7/Factory | Loaded intel: 105 trap records 9589 | -7/Factory | Build established: Bothacker-Mutant 9708 | -7/Factory | Fabricated D-53 Grenadier (x1) 9766 | -7/Factory | Fabricated D-53 Grenadier (x1) 9829 | -7/Factory | Fabricated D-53 Grenadier (x1) 9888 | -7/Factory | Fabricated D-53 Grenadier (x1) 9947 | -7/Factory | Fabricated D-53 Grenadier (x1) 9947 | -7/Factory | Build established: Hauler-Mutant 10013 | -7/Factory | Fabricated D-53 Grenadier (x1) 10075 | -7/Factory | Fabricated D-53 Grenadier (x1) 10134 | -7/Factory | Fabricated D-53 Grenadier (x1) 10192 | -7/Factory | Fabricated D-53 Grenadier (x1) 10268 | -7/Factory | Fabricated D-53 Grenadier? 10431 | -7/Factory | Build established: Commander-Mutant 10766 | -7/Factory | Fabricated D-53 Grenadier (x1) 10775 | -7/Factory | Discovered new exit (range 13) 10807 | -7/Factory | Lost 5 allies 11080 | -7/Factory | Build established: Hauler-Mutant 11363 | -7/Factory | First assault squad dispatched 11398 | -7/Factory | Sucked down chute 11398 | -7/Factory | Entered Waste 11426 | -7/Waste | Spotted C-40 Crusher 11481 | -7/Waste | Spotted C-40 Crusher 11486 | -7/Waste | Spotted C-40 Crusher 11493 | -7/Waste | Spotted C-40 Crusher 11494 | -7/Waste | Spotted C-40 Crusher 11500 | -7/Waste | Spotted C-40 Crusher 11507 | -7/Waste | Warlord forces began an assault 11594 | -7/Waste | Discovered new exit (range 10) 11946 | -7/Waste | Entered Factory 11946 | -7/Factory | Accompanied by 13 allies 11947 | -7/Factory | Loaded intel: 129 trap records 12054 | -7/Factory | Garrison activated, responded to threat 12087 | -7/Factory | Build established: Scavenger-Mutant 12165 | -7/Factory | Repaired Broken Hvy. Shock Bomb Launcher? 12222 | -7/Factory | Fabricated Antigrav System (x2) 12257 | -7/Factory | Fabricated Lrn. Missile Launcher (x1) 12297 | -7/Factory | Learned location of Proximity Caves (-3) 12369 | -7/Factory | Identified exit to Factory 12435 | -7/Factory | Fabricated Lrn. Missile Launcher (x1) 12482 | -7/Factory | Learned 4 Proximity Caves zone layouts 12525 | -7/Factory | Learned location of 2 exits from Lower Caves 12526 | -7/Factory | Cargo convoy interrupted 12558 | -7/Factory | Learned location of Warlord (-4) 12575 | -7/Factory | Lost 5 allies 12591 | -7/Factory | Garrison activated, responded to threat 12594 | -7/Factory | Build established: Hacker-Mutant 12599 | -7/Factory | Learned 4 Lower Caves zone layouts 12615 | -7/Factory | Destroyed 7 combat bots 12651 | -7/Factory | Loaded intel: 52 interactive machine locations 12690 | -7/Factory | Destroyed 9 combat bots 12724 | -7/Factory | Fabricated Cmb. Airjet (x2) 12790 | -7/Factory | Learned location of 2 exits from Lower Caves 12998 | -7/Factory | Build established: Machinist-Mutant 13946 | -7/Factory | First assault squad dispatched 13955 | -7/Factory | Repaired Lrn. Missile Launcher 14354 | -7/Factory | Repaired Broken HERF Cannon? 14530 | -7/Factory | High security lockdown imminent 14610 | -7/Factory | High security lockdown engaged 14935 | -7/Factory | Destroyed 8 combat bots 14970 | -7/Factory | Destroyed 7 combat bots 15068 | -7/Factory | Destroyed 8 combat bots 15161 | -7/Factory | Lost 5 parts (1p2u2w) 15198 | -7/Factory | Entered Lower Caves 15199 | -7/Lower Caves | Identified exit to Lower Caves 15650 | -7/Lower Caves | Build established: Scavenger-Assassin 15745 | -7/Lower Caves | Learned 4 Factory zone layouts 15757 | -7/Lower Caves | Learned location of Armory (-3) 15757 | -7/Lower Caves | Learned Research emergency access door positions 15757 | -7/Lower Caves | Learned Extension emergency access door positions 16575 | -7/Lower Caves | Entered another Lower Caves area 16577 | -7/Lower Caves | Identified exit to Data Miner 16595 | -7/Lower Caves | Build established: Derelict-Skirmisher 16700 | -7/Lower Caves | Found DCF Scrap (13 items) 16830 | -7/Lower Caves | Learned 8 Factory zone layouts 17584 | -7/Lower Caves | Learned 12 Factory zone layouts 18140 | -7/Lower Caves | Encountered a Warlord checkpoint 18142 | -7/Lower Caves | Entered Data Miner 18142 | -7/Data Miner | Discovered new exit (range 6) 18169 | -7/Data Miner | Met Data Miner 18193 | -7/Data Miner | Learned location of Section 7 (-3) 18193 | -7/Data Miner | Acquired the access code to Warlord's prototype stash 18214 | -7/Data Miner | Received God Mode back door access code from Data Miner 18281 | -7/Data Miner | Destroyed Data Miner 18285 | -7/Data Miner | Found Prototype Hackware 18287 | -7/Data Miner | Found Prototype Hackware 18290 | -7/Data Miner | Found Prototype Hackware 18292 | -7/Data Miner | Found Prototype Hackware 18294 | -7/Data Miner | Interfaced with the Data Conduit 18474 | -7/Data Miner | Core integrity fell below 50% 18500 | -7/Data Miner | Lost 4 parts (1p2n1w) 18546 | -7/Data Miner | Found Corrupted Exp. Thermal Shield 18567 | -7/Data Miner | Build established: Derelict-Mutant 18595 | -7/Data Miner | Identified exit to Proximity Caves 18598 | -7/Data Miner | Entered Proximity Caves 18730 | -6/Proximity Caves | Learned Factory stockpile data 18904 | -6/Proximity Caves | Build established: Derelict-Skirmisher 19709 | -6/Proximity Caves | Discovered exit to Factory (range 10) 19733 | -6/Proximity Caves | System corruption reached 10% 19736 | -6/Proximity Caves | System corruption reached 30% 19761 | -6/Proximity Caves | Entered Factory 19761 | -6/Factory | Evolved 2 slots: Propulsion x1, Utility x1 19762 | -6/Factory | Identified exit to Factory 19762 | -6/Factory | Identified exit to Lower Caves 19764 | -6/Factory | Loaded intel: 249 machine locations 19806 | -6/Factory | Sucked down chute 19806 | -6/Factory | Entered Waste 19816 | -6/Waste | Spotted C-40 Crusher 19853 | -6/Waste | Spotted C-40 Crusher 19862 | -6/Waste | Spotted C-40 Crusher 19916 | -6/Waste | Spotted C-40 Crusher 19934 | -6/Waste | Spotted C-40 Crusher 19944 | -6/Waste | Spotted C-40 Crusher 19948 | -6/Waste | Crushed by Compactor (1 part destroyed, 1 dropped) 19995 | -6/Waste | Discovered new exit (range 11) 20008 | -6/Waste | Identified exit to Factory 20029 | -6/Waste | Entered Factory 20030 | -6/Factory | Loaded intel: 275 machine locations 20096 | -6/Factory | Build established: Scavenger-Mutant 20379 | -6/Factory | Discovered exit to Factory (range 11) 20610 | -6/Factory | Discovered exit to Lower Caves (range 5) 20829 | -6/Factory | Identified exit to Garrison 20831 | -6/Factory | Entered Garrison 20832 | -6/Garrison | Loaded intel: 32 machine locations 20850 | -6/Garrison | Expanded RIF knowledge: Command Fork 20937 | -6/Garrison | Lost 3 parts (1p2n) 20979 | -6/Garrison | Garrison Relay disabled 21208 | -6/Garrison | Lost 5 parts (1n2u2w) 21264 | -6/Garrison | Discovered exit to Factory (range 12) 21291 | -6/Garrison | Triggered checkpoint 21360 | -6/Garrison | Garrison Relay disabled 21423 | -6/Garrison | Garrison Relay disabled 21451 | -6/Garrison | Build established: Bothacker-Mutant 21493 | -6/Garrison | Triggered checkpoint 21586 | -6/Garrison | P-60 Hacker assimilated allied Guardian 5a 21608 | -6/Garrison | Lost 3 allies 21653 | -6/Garrison | Found Relay Coupler [Proto] 21655 | -6/Garrison | Found Relay Coupler [Proto] 21659 | -6/Garrison | Found Relay Coupler [Proto] 21661 | -6/Garrison | Found Relay Coupler [Proto] 21685 | -6/Garrison | Entered Factory 21685 | -5/Factory | Evolved 2 slots: Utility x2 21686 | -5/Factory | Loaded intel: 255 machine locations 21744 | -5/Factory | Discovered new exit (range 20) 21770 | -5/Factory | Identified exit to Factory 21897 | -5/Factory | Garrison activated, responded to threat 21997 | -5/Factory | Identified exit to Garrison 22055 | -5/Factory | Build established: Botlord-Skirmisher 22063 | -5/Factory | Lost 3 parts (2n1u) 22439 | -5/Factory | Identified System Mapper 22440 | -5/Factory | Identified Deep Network Scanner 22441 | -5/Factory | Identified Ghost Barrier 22442 | -5/Factory | Identified Quantum Router 22453 | -5/Factory | Lost 8 parts (2p2n1u3w) 22658 | -5/Factory | Identified exit to Upper Caves 22808 | -5/Factory | Build established: Wizard-Skirmisher 23058 | -5/Factory | Core integrity fell below 50% 23244 | -5/Factory | Entered Upper Caves 23251 | -5/Upper Caves | Learned Factory trap positions 23271 | -5/Upper Caves | Lost 3 parts (1p1n1w) 24022 | -5/Upper Caves | Spotted B-75 Beast 24023 | -5/Upper Caves | Discovered new exit (range 5) 24025 | -5/Upper Caves | Identified exit to Upper Caves 24025 | -5/Upper Caves | Entered another Upper Caves area 24111 | -5/Upper Caves | Build established: Wizard-Scout 24166 | -5/Upper Caves | Discovered exit to Factory (range 8) 24249 | -5/Upper Caves | Spotted B-75 Beast 24445 | -5/Upper Caves | Learned Factory trap positions 25008 | -5/Upper Caves | Encountered a Warlord checkpoint 25014 | -5/Upper Caves | Discovered new exit (range 17) 25023 | -5/Upper Caves | Identified exit to Zhirov 25024 | -5/Upper Caves | Entered Zhirov 25024 | -5/Zhirov | Discovered new exit (range 3) 25036 | -5/Zhirov | Met Zhirov 25062 | -5/Zhirov | Zhirov requested help retrieving the SGEMP Prototype 25071 | -5/Zhirov | Found Alien Artifact 25071 | -5/Zhirov | Identified Integrated Reactor 25071 | -5/Zhirov | Installed Integrated Reactor, increased core energy generation (+10) 25140 | -5/Zhirov | Found Alien Artifact 25167 | -5/Zhirov | Identified exit to Proximity Caves 25167 | -5/Zhirov | Entered Proximity Caves 25639 | -4/Proximity Caves | Discovered exit to Factory (range 17) 25678 | -4/Proximity Caves | Entered Factory 25678 | -4/Factory | Evolved 2 slots: Utility x2 25679 | -4/Factory | Identified exit to Extension 25680 | -4/Factory | Loaded intel: 76 trap records 25681 | -4/Factory | Loaded intel: 297 machine locations 25696 | -4/Factory | Identified exit to Upper Caves 25886 | -4/Factory | Fabricated Hvy. Armored Exoskeleton (x1) 25904 | -4/Factory | Fabricated Assault Drone Bay? 26012 | -4/Factory | Lost 7 parts (1p2n2u2w) 26041 | -4/Factory | Entered Extension 26043 | -4/Extension | Loaded intel: 39 machine locations 26278 | -4/Extension | Build established: Wizard-Mutant 26777 | -4/Extension | Rescued A7 26792 | -4/Extension | Rescued a captive Derelict 26793 | -4/Extension | Rescued a captive Derelict 26933 | -4/Extension | Spotted B-86 Titan 26986 | -4/Extension | Allies destroyed B-86 Titan 26992 | -4/Extension | Extracted ID and sensor layout for unrecognized location from A7's data core 26994 | -4/Extension | Spotted B-86 Titan 27012 | -4/Extension | Allies destroyed B-86 Titan 27040 | -4/Extension | Found Prototype Protection 27040 | -4/Extension | Identified Med. Regenerative Plating 27094 | -4/Extension | Rescued a captive Derelict 27095 | -4/Extension | Rescued a captive Derelict 27143 | -4/Extension | Rescued a captive Derelict 27203 | -4/Extension | Rescued a captive Derelict 27204 | -4/Extension | Rescued a captive Derelict 27259 | -4/Extension | Rescued a captive Derelict 27260 | -4/Extension | Rescued a captive Derelict 27291 | -4/Extension | First assault squad dispatched 27321 | -4/Extension | Lost 4 allies 27324 | -4/Extension | Energy Cycler disabled 27324 | -4/Extension | Rescued a captive Derelict 27324 | -4/Extension | Rescued a captive Derelict 27380 | -4/Extension | Lost 20 allies 27440 | -4/Extension | Discovered new exit (range 15) 27455 | -4/Extension | Identified exit to Research 27458 | -4/Extension | Entered Research 27458 | -3/Research | Evolved 2 slots: Utility x2 27459 | -3/Research | Identified exit to Armory 27461 | -3/Research | Loaded intel: 132 machine locations 27823 | -3/Research | Entered Armory 27824 | -3/Armory | Loaded intel: 110 machine locations 27961 | -3/Armory | Identified Transdimensional Reconstructor 27961 | -3/Armory | Warped through subspace to slip node 27961 | -3/Armory | Discovered new exit (range 1) 27961 | -3/Armory | Identified exit to Lab 27962 | -3/Armory | Entered Lab 27962 | -3/Lab | Discovered new exit (range 9) 27966 | -3/Lab | Identified exit to Research 27967 | -3/Lab | Hidden lab's door opened automatically 27967 | -3/Lab | Sensor layout match revealed 27968 | -3/Lab | Gained access to the hidden lab's interior 27999 | -3/Lab | Found Alien Artifact 27999 | -3/Lab | Identified Core Expander 27999 | -3/Lab | Installed Core Expander, added new Weapon slot 28007 | -3/Lab | Found Alien Artifact 28007 | -3/Lab | Identified Integrated Mediator 28007 | -3/Lab | Installed Integrated Mediator, increased core attachment efficiency 28016 | -3/Lab | Found Transdimensional Reconstructor 28028 | -3/Lab | Build established: Botlord-Mutant 28035 | -3/Lab | Found Deep Network Scanner 28048 | -3/Lab | Found Prototype Energy Cannon 28055 | -3/Lab | Decrypted terminal 28055 | -3/Lab | Acquired modification code for an L2 power cell 28066 | -3/Lab | Found Prototype Special Weapon 28066 | -3/Lab | Identified Gui. Remote Datajack 28080 | -3/Lab | Entered Research 28080 | -2/Research | Evolved 2 slots: Utility x2 28081 | -2/Research | Loaded intel: 105 machine locations 28111 | -2/Research | Identified exit to Access 28273 | -2/Research | Entered Access 28273 | -1/Access | Evolved 2 slots: Propulsion x2 28274 | -1/Access | Loaded intel: 100 machine locations 28341 | -1/Access | Build established: Wizard-Mutant 28480 | -1/Access | Discovered new exit (range 7) 28482 | -1/Access | Identified exit to Command 28483 | -1/Access | Entered Command 28484 | -1/Command | Loaded intel: 47 machine locations 28607 | -1/Command | Spotted Combat Programmer 28631 | -1/Command | Identified Potential Cannon 28698 | -1/Command | Met MAIN.C 28757 | -1/Command | Spotted M Guard 28757 | -1/Command | Spotted M Guard 28757 | -1/Command | Spotted Combat Programmer 28765 | -1/Command | Core integrity fell below 50% 28767 | -1/Command | System corruption reached 10% 28771 | -1/Command | Core integrity fell below 20% 28780 | -1/Command | Interfaced with 0b10 Conduit 28780 | *** | Assimilated 0b10! Last Messages --------------- 28760_ Combat Programmer resets G-73 Enforcer, system corruption cleaned. 28761_ Dropped Field Propulsion Array. 28761_ EMDS Slug penetrates G-73 Enforcer. 28761_ Knocked back. 28762_ P-80 Master resets G-73 Enforcer, system corruption cleaned. 28762_ Penetrated by EMDS Slug. 28762_ Cmb. Linear Gravjet destroyed. 28763_ Dropped Relay Coupler [Proto]. 28763_ Penetrated by EMDS Slug. 28763_ Acquired Field Propulsion Array. 28764_ Penetrated by EMDS Slug. 28765_ Slammed into P-80 Master. 28766_ Relay Coupler [NC] destroyed. 28766_ Combat Programmer resets G-73 Enforcer, system corruption cleaned. 28769_ 9WCGWQAWKJ SQYKFP3I2RT #DAC DW 28773_ Field Propulsion Array destroyed. 28780_ Interfacing with system... 28780_ Overriding active MAIN.C lock. [Achievement: MAIN.CPP] Map ----- +----------------------------------------------------+ | ################################################## | | ################################################## | | ################################################## | | ################################################## | | ################################################## | | ################################################ | | ################################################ | | ################################################ | | ################################################ | | ################################################ | | ################################################ | | #+################################################ | | # ################################################ | | # ############################################## | | + ##########""""""" """" ############### | | # ##########"" "" ############### | | # ##########""""" "" ############### | | # ##########""""""""""" ;MM | | # ##########" " """ ;MM p | | + ##########"" """""" ;M pp | | # ##########"" """""" ############### | | # ########## " """""" ############### | | # ########## " "" ############### | | ########## " " ""############### | | ##########""""""""" """""""############### | | ##########"" @"""""""""############### | | # ########## """""""""""############### | | # ########## " " " " ############### | | ######### " " " " ############### | | """ " " " """" " ############### | | """ """ " " """" ############### | | """ " " " " ############### | | ######### """""""""" " ############### | | ############ " """ " """"""""############### | | ############ """ " " " ############### | | ################################################ | | ################################################ | | # ######################################### | | # ######################################### | | # ######################################### | | # ######################################### | | # ######################################### | | # ######################################### | | # ######################################### | | + ######################################### | | # ######################################### | | # ######################################### | | # ######################################### | | # ######################################### | | # ######################################### | +----------------------------------------------------+ Best States ------------- Heat Dissipation 52 Energy Generation 35 Energy Capacity 790 Matter Stores 300 Matter Capacity 300 Sight Range 22 Robot Scan Range 15 Terrain Scan Range 20 Terrain Scan Density 10 Jamming Range 12 Armor Coverage 600 Resistance: TH 30 Phase Shifting 10 Evasion (%) 65 Targeting Accuracy 8 Launcher Accuracy 20 Recoil Reduction 4 Salvage Targeting 4 Offensive Hacking 45 Defensive Hacking 45 Relay Coupler Types 2 Relay Coupler Value 32 Authchip Count 15 Item Schematics ----------------- Hcp. Storage Unit | -10/Materials | Hacked Exp. Sensor Array | -8/Materials | Scanalyzed Hvy. Shock Bomb Launcher | -7/Factory | Scanalyzed HERF Cannon | -7/Factory | Scanalyzed Antigrav System | -7/Factory | Scanalyzed Lrn. Missile Launcher | -7/Factory | Hacked Cmb. Airjet | -7/Factory | Hacked Combat Drone Bay | -7/Data Miner | Free Lgt. Regenerative Plating | -7/Data Miner | Free Cld. Aerolev Unit | -7/Data Miner | Free Gravity Neutralizer | -7/Data Miner | Free Imp. Heavy Laser | -7/Data Miner | Free Med. Armored Exoskeleton | -7/Data Miner | Free Imp. Kinecellerator | -7/Data Miner | Free Hvy. Phase Cannon | -7/Data Miner | Free Imp. VSS Leg | -7/Data Miner | Free Imp. Focal Shield | -7/Data Miner | Free Imp. Remote Datajack | -7/Data Miner | Free Adv. Datajack | -7/Data Miner | Free Field Propulsion Array | -7/Data Miner | Free Assault Drone Bay | -5/Zhirov | Free Exp. Heat Sink | -5/Zhirov | Free Exp. Optical Array | -5/Zhirov | Free Imp. Arc Thrower | -5/Zhirov | Free Hvy. Armored Exoskeleton | -4/Factory | Hacked Exp. Flexi-carbon Leg | -4/Factory | Hacked Cmb. Antigrav System | -4/Extension | Hacked Centrium Leg | -4/Extension | Hacked Robot Schematics ------------------ D-53 Grenadier | -8/Materials | Hacked H-66 Slayer | -7/Data Miner | Free O-24 Administrator | -7/Data Miner | Free R-10 Processor | -7/Data Miner | Free Y-54 Guardian | -7/Data Miner | Free B-48 Gladiator | -7/Data Miner | Free E-15 Imp | -7/Data Miner | Free D-63 Destroyer | -7/Data Miner | Free Fabricated ------------ D-53 Grenadier | x1 | -7/Factory | Authchip D-53 Grenadier | x1 | -7/Factory | Authchip D-53 Grenadier | x1 | -7/Factory | Authchip D-53 Grenadier | x1 | -7/Factory | Authchip D-53 Grenadier | x1 | -7/Factory | Authchip D-53 Grenadier | x1 | -7/Factory | Authchip D-53 Grenadier | x1 | -7/Factory | Authchip D-53 Grenadier | x1 | -7/Factory | Authchip D-53 Grenadier | x1 | -7/Factory | Authchip D-53 Grenadier | x1 | -7/Factory | Authchip D-53 Grenadier | x1 | -7/Factory | Authchip Antigrav System | x2 | -7/Factory | Authchip Lrn. Missile Launcher | x1 | -7/Factory Lrn. Missile Launcher | x1 | -7/Factory Cmb. Airjet | x2 | -7/Factory Hvy. Armored Exoskeleton | x1 | -4/Factory Assault Drone Bay | x1 | -4/Factory Alien Tech Used ----------------- Integrated Reactor Transdimensional Reconstructor Core Expander Integrated Mediator Achievements -------------- MAIN.CPP Max Potential Origins Packrat War Machine Challenges ------------ None Game ------ Seed HugeCryofiberFilter Manual? 0 Play Time 09:44:52 Cumulative 198.0 hours Start 2024.09.27 @ 17:59:11 End 2024.09.28 @ 16:03:49 Sessions 3 Manual Loads 0 Difficulty Rogue Special Mode None Game No. 32 Rogue 32 Adventurer 0 Explorer 0 Win Type 4 Total 8 Types 2/0/4/1/1/0/0/0/0 Lore% 47 Gallery% 63 Achievement% 61 Wizard Run 0 Options --------- Layout 0 ASCII 0 Keyboard 1 Movement Arrows Keybinds 0 Fullscreen 1 Font 12/Cog Map View 83x54 Zoom Use 0% Tactical HUD 1 Map Filters NONE Filters NONE Steam 0 RUN: 295e8dcb-d793-471d-a1f8-b62cdf4c3264